 Dungeon Crawl Stone Soup version 0.30.1-3-gfc49f6343a (webtiles) character file.

Game seed: 15654442236722549421

13056726 cdecastro the Acrobat (level 27, 228/228 HPs)
             Began as a Djinni Ice Elementalist on July 23, 2023.
             Was an Elder of Ashenzari.
             Escaped with the Orb
             ... and 15 runes on July 25, 2023!
             The game lasted 10:45:32 (122945 turns).

cdecastro the Acrobat (Djinni Ice Elementalist)   Turns: 122945, Time: 10:45:33

Health: 228/228    AC: 37    Str: 12    XL:     27
Gold:   9556       EV: 32    Int: 36    God:    Ashenzari [****..] SH: 11 Dex: 24

rFire   + + +        a - staff of earth "Irekk" {rElec rF+ Str+3 Int+3}
rCold   + + .        M - +0 buckler of the Eye in the Sky {rPois rF+ rC+, Fort, Self} (curse)
rNeg    + + .        t - quicksilver dragon scales "Cursed With Me" {Fly rC+ Will+ Dex+2, Evo, Self} (curse)
rPois   ∞            T - +2 helmet "Stoicism of Ashenzari" {Int+3, Self, Cun} (curse)
rElec   +            K - +4 dragonskin cloak {Fort, Evo} (curse)
rCorr   +            r - +5 pair of gloves of Ashenzari's Malaise {rC+ rCorr, Evo, Melee} (curse)
SInv    +            (boots unavailable)
Will    ++++.        H - amulet of Vitality {RegenMP++ Regen++}
Stlth   +++          W - ring of Star-Bound Wisdom {Wiz rN++ Dex+3 SInv, Self, Evo} (curse)
HPRegen 2.18/turn    E - ring of the Mage {Wiz Archmagi}
MPRegen 0.00/turn

%: clarity, wizardry (x2), archmagi
@: flying, studying 2 skills
A: sickness immunity, fire resistance 2, cold vulnerability 1, float, innate
caster, HP casting, extra vitality 1, agile 1, clever 1, strong-willed 1, strong
1
0: Orb of Zot
}: 15/15 runes: barnacled, slimy, silver, golden, iron, obsidian, icy, bone,
abyssal, demonic, glowing, magical, fiery, dark, gossamer
a: Renounce Religion, Curse Item, Shatter the Chains


You escaped.
You worshipped Ashenzari.
Ashenzari was greatly pleased with you.
You visited 18 branches of the dungeon, and saw 88 of its levels.
You visited Pandemonium 2 times, and saw 11 of its levels.
You visited the Abyss 9 times.
You visited 2 bazaars.
You visited 2 ziggurats, and saw 25 of their levels (deepest: 14).
You also visited: Trove, Bailey and Volcano.

You collected 20359 gold pieces.
You spent 10803 gold pieces at shops.

Inventory:

Hand Weapons
 b - the +11 lance "Wyrmbane" {slay drac, rPois rF+ rC+ AC+3}
   (You took it off a spriggan berserker on level 1 of the Depths)

   AC:        It affects your AC (+3).
   rF:        It protects you from fire.
   rC:        It protects you from cold.
   rPois:     It protects you from poison.
 g - the +8 trishula "Condemnation" {holy, anguish, *Noise Fly rN+}
   (You found it on level 5 of the Pits of Slime)

   rN:        It protects you from negative energy.
   Fly:       It grants you flight.
   *Noise:    It may make noises in combat.
Armour
 r - the cursed +5 pair of gloves of Ashenzari's Malaise (worn) {rC+ rCorr, Evo, Melee}
   (You found it in Pandemonium)

   rC:        It protects you from cold.
   rCorr:     It protects you from acid and corrosion.
   It has a curse which improves the following skills: Evocations: Evocations.
   Melee Combat: Short Blades, Long Blades, Axes, Maces & Flails, Polearms,
   Staves and Unarmed Combat.
 t - the cursed quicksilver dragon scales "Cursed With Me" (worn) {Fly rC+ Will+ Dex+2, Evo, Self}
   (You found it on level 3 of the Shoals)

   Dex:       It affects your dexterity (+2).
   rC:        It protects you from cold.
   Fly:       It grants you flight.
   Will:      It increases your willpower.
   It has a curse which improves the following skills: Evocations: Evocations.
   Introspection: Fighting and Spellcasting.
 K - the cursed +4 dragonskin cloak (worn) {Fort, Evo}
   (You took it off Tiamat on level 2 of the Realm of Zot)

   Avatar's Aegis: It grants the wearer a chance to resist fire, cold, poison,
   electricity, acid, and negative energy.
   It has a curse which improves the following skills: Fortitude: Armour and
   Shields.
   Evocations: Evocations.
 M - the cursed +0 buckler of the Eye in the Sky (worn) {rPois rF+ rC+, Fort, Self}
   (You found it on level 3 of the Lair of Beasts)

   rF:        It protects you from fire.
   rC:        It protects you from cold.
   rPois:     It protects you from poison.
   It has a curse which improves the following skills: Fortitude: Armour and
   Shields.
   Introspection: Fighting and Spellcasting.
 T - the cursed +2 helmet "Stoicism of Ashenzari" (worn) {Int+3, Self, Cun}
   (You found it on level 3 of the Elven Halls)

   It has a curse which improves the following skills: Introspection: Fighting
   and Spellcasting.
   Cunning:   Dodging and Stealth.
Magical Staves
 a - the staff of earth "Irekk" (weapon) {rElec rF+ Str+3 Int+3}
   (You found it on level 7 of Gehenna)

   [staff of earth]

   Your inability to study Earth Magic prevents you from drawing on the full
   power of this staff in melee.
   Base accuracy: +5 Base damage: 5 Base attack delay: 1.2 This weapon's minimum
   attack delay (0.6) is reached at skill level 12.
   Str:       It affects your strength (+3).
   Int:       It affects your intelligence (+3).
   rF:        It protects you from fire.
   rElec:     It insulates you from electricity.
   It falls into the 'Staves' category.
   It is a one-handed weapon.
 o - a staff of fire
Jewellery
 c - the ring "Suntuv" {Fire rCorr Str+4 Int+3}
   (You found it on level 2 of the Depths)

   [ring of fire]

   It enhances your fire magic.
   Str:       It affects your strength (+4).
   Int:       It affects your intelligence (+3).
   rF:        It protects you from fire.
   rC:        It makes you vulnerable to cold.
   rCorr:     It protects you from acid and corrosion.
 q - the ring of Shadows {Umbra +Inv Stlth+}
   (You found it on level 3 of the Tomb of the Ancients)

   [ring of stealth]

   Umbra:     It surrounds you with an aura of shadow, increasing your stealth
   and reducing the accuracy of all others within it.
   +Inv:      It lets you turn invisible.
   Stlth:     It makes you more stealthy.
 y - the ring "Zacig" {rElec rN+ Will+ rCorr Str+2}
   (You bought it in a shop in Pandemonium)

   [ring of resist corrosion]

   Str:       It affects your strength (+2).
   rElec:     It insulates you from electricity.
   rN:        It protects you from negative energy.
   rCorr:     It protects you from acid and corrosion.
   Will:      It increases your willpower.
 E - the ring of the Mage (right hand) {Wiz Archmagi}
   (You took it off a deep elf blademaster on level 3 of the Elven Halls)

   [ring of wizardry]

   It improves your spell success rate.
   Archmagi:  It increases the power of your magical spells.
 H - the amulet of Vitality (around neck) {RegenMP++ Regen++}
   (You found it on level 7 of a ziggurat)

   [amulet of magic regeneration]

   It increases your rate of magic regeneration.
   Regen:     It increases your rate of health regeneration.
 I - the ring "Zesinust" {rF+ rC+ Will+ EV+5}
   (You bought it in a shop in Pandemonium)

   [ring of evasion]

   EV:        It affects your evasion (+5).
   rF:        It protects you from fire.
   rC:        It protects you from cold.
   Will:      It increases your willpower.
 J - the ring of Foohol {rC++ rN+ Str+6}
   (You found it on level 3 of the Crypt)

   [ring of positive energy]

   Str:       It affects your strength (+6).
   rC:        It greatly protects you from cold.
   rN:        It protects you from negative energy.
 W - the cursed ring of Star-Bound Wisdom (left hand) {Wiz rN++ Dex+3 SInv, Self, Evo}
   (You found it on level 3 of the Shoals)

   [ring of wizardry]

   It improves your spell success rate.
   Dex:       It affects your dexterity (+3).
   rN:        It greatly protects you from negative energy.
   SInv:      It lets you see invisible.
   It has a curse which improves the following skills: Introspection: Fighting
   and Spellcasting.
   Evocations: Evocations.
Wands
 w - a wand of acid (106)
 C - a wand of digging (38)
 D - a wand of paralysis (117)
 F - a wand of flame (152)
 N - a wand of mindburst (47) (quivered)
 Q - a wand of roots (175)
 Y - a wand of polymorph (64)
Scrolls
 d - 3 scrolls of blinking
 f - 7 scrolls of magic mapping
 h - 47 scrolls of teleportation
 j - 15 scrolls of immolation
 k - 13 scrolls of poison
 l - 12 scrolls of vulnerability
 m - 2 scrolls of enchant weapon
 u - 16 scrolls of fear
 B - 20 scrolls of fog
 P - 5 scrolls of butterflies
 X - 9 scrolls of torment
Potions
 e - 15 potions of attraction
 i - 15 potions of brilliance
 n - 15 potions of curing
 s - 9 potions of invisibility
 v - 8 potions of haste
 x - 4 potions of resistance
 z - 9 potions of might
 A - 19 potions of heal wounds
 L - 11 potions of lignification
 R - 10 potions of mutation
 S - a potion of cancellation
Miscellaneous
 p - a box of beasts
 G - a lightning rod (4/4)
 O - a tin of tremorstones (2/2)
 U - a phial of floods
 V - a phantom mirror
 Z - the horn of Geryon


   Skills:
 - Level 23.8(27) Fighting
 - Level 14.2(16.0) Short Blades
 + Level 24.0(25.4) Polearms
 - Level 24.7(27) Armour
 - Level 25.8(27) Dodging
 - Level 25.5(27) Stealth
 - Level 19.8(22.2) Shields
 - Level 23.8(27) Spellcasting
 - Level 23.9(27) Evocations


You knew the following spells:

 Your Spells              Type           Power      Damage    Failure   Level
a - Freeze                Ice            100%       1d10      0%          1
b - Frozen Ramparts       Ice            100%       1d16      0%          3
c - Ozocubu's Armour      Ice            100%       N/A       0%          3
d - Summon Ice Beast      Ice/Summ       100%       N/A       0%          4
e - Sting                 Tmut/Pois      100%       1d8       0%          1
f - Blink                 Tloc           100%       N/A       0%          2
g - Mephitic Cloud        Conj/Pois/Air  100%       N/A       0%          3
h - Iskenderun's Mystic   Conj/Tloc      100%       2d19      0%          4
i - Animate Dead          Necr           100%       N/A       0%          4
j - Fireball              Conj/Fire      76%        3d28      0%          5
k - Statue Form           Tmut/Erth      100%       N/A       0%          6
l - Ozocubu's Refrigerat  Ice            76%        4d24      0%          7
m - Summon Hydra          Summ           76%        N/A       0%          7
n - Malign Gateway        Summ/Tloc      76%        N/A       0%          7
o - Spellforged Servitor  Conj/Summ      76%        N/A       0%          7
p - Ignition              Fire           76%        3d20      1%          8
q - Shatter               Erth           89%        3d64*     1%          9
Your spell library was empty.

Dungeon Overview and Level Annotations

Branches:
Dungeon (15/15)            Temple (1/1) D:4            Lair (5/5) D:8
 Shoals (4/4) Lair:2       Spider (4/4) Lair:3        Slime (5/5) Lair:5
    Orc (2/2) D:9             Elf (3/3) Orc:2        Vaults (5/5) D:13
  Crypt (3/3) Vaults:2       Tomb (3/3) Crypt:3      Depths (4/4) D:15
   Hell (visited)             Dis (7/7) Hell            Geh (7/7) Hell
    Coc (7/7) Hell            Tar (7/7) Hell            Zot (5/5) Depths:4
 Bailey (visited)         Volcano (visited)

Altars:
Ashenzari
Cheibriados
Dithmenos
Elyvilon
Fedhas
Gozag
Hepliaklqana
Makhleb
Nemelex Xobeh
Okawaru
Qazlal
Ru
Trog
Uskayaw
Wu Jian
Xom
Yredelemnul
Zin
The Shining One
Jiyva

Shops:
D:4 [[(!(   D:9 =   D:14 *   Orc:2 ([=[   Elf:1 !   Shoals:3 *   Vaults:2 (
Depths:3 =?   Depths:4 :=:

Portals:
Hell: Depths:1 Depths:2 Depths:3 Depths:4
Abyss: Depths:1 Depths:3 Depths:4
Pandemonium: Depths:2

Annotations:
D:2 exclusion: 3 upstairs
D:4 exclusion: 3 upstairs
D:5 exclusion: 2 upstairs
D:6 exclusion: upstairs
D:10 exclusion: 3 upstairs
D:13 exclusion: upstairs
D:14 exclusion: upstairs
D:15 exclusion: 3 upstairs
Tomb:1 exclusion: 2 downstairs
Depths:2 exclusion: upstairs
Depths:3 exclusion: 2 upstairs
Depths:4 exclusion: upstairs
Geh:7 Asmodeus
Tar:7 Ereshkigal
Zot:2 exclusion: upstairs
Zot:3 exclusion: upstairs
Zot:4 exclusion: upstairs
Zot:5 exclusion: 3 upstairs


Innate Abilities, Weirdness & Mutations

You are immune to sickness and miasma.
You are immune to poison.
Your flesh is very heat resistant. (rF++)
You are vulnerable to cold. (rC-)
You float through the air rather than walking.
You learn spells naturally, not from books.
Your magical power is your life essence.
You have superior vitality. (+4 MHP)
You are agile. (Dex +4, Str/Int -1)
Your mind is acute. (Int +4, Str/Dex -1)
You are strong-willed. (Will+)
Your muscles are strong. (Str +4, Int/Dex -1)


Message History

Casting: Ignition (safe; 1% risk of failure)
Confirm with . or Enter, or press ? or * to list all spells.
Casting: Ignition (safe; 1% risk of failure)
Press: ? - help, Dir - look around, f - activate You feel a surge of power!
The air bursts into flame!
The fireball engulfs the ynoxinul!!
The ynoxinul is severely wounded.
Casting: Ignition (safe; 1% risk of failure)
Confirm with . or Enter, or press ? or * to list all spells.
Casting: Ignition (safe; 1% risk of failure)
Press: ? - help, Dir - look around, f - activate You feel a surge of power!
The air bursts into flame!
The fireball engulfs the ynoxinul!!!
You kill the ynoxinul!
You start resting.
A reaper comes into view.
It is wielding a +3 scythe of protection.
Casting: Ignition (safe; 1% risk of failure)
Confirm with . or Enter, or press ? or * to list all spells.
Aiming: Fireball (safe; 0% risk of failure)
Press: ? - help, Shift-Dir - straight line, f - reaper
Aim: a reaper, wielding a +3 scythe of protection You feel a surge of power!
The fireball explodes!
The fireball engulfs the reaper!!!
The reaper is severely wounded.
Unknown command.
Unknown command.
Unknown command.
Casting: Fireball (safe; 0% risk of failure)
Confirm with . or Enter, or press ? or * to list all spells.
Aiming: Fireball (safe; 0% risk of failure)
Press: ? - help, Shift-Dir - straight line, f/p - reaper
Aim: a reaper, wielding a +3 scythe of protection (severely wounded)
You feel a surge of power!
The fireball explodes!
The fireball engulfs the reaper!!!
You kill the reaper!
Your base Polearms skill increases to level 24!
You start resting.
HP restored.
Unknown command.
You have escaped!

....#.############.......# #..
....#..........# #......)# #..
....#.(........# #.......# #..
##..#..........# #.......# #..
....#..........# ##'###########..
....#..........# #..............
#####.################...........
......# ##.>.## #...........
...#### ##..@..###...........
...# ##......(#####'#####.. ...#
##.)⌠...⌠..## #.# #.. ...#
##...........###.#####.. ...#
##.⌠....⌠....⌠.##........ ####
##...............########. #####
##..⌠...⌠...⌠...⌠..## #....
....###...................###....
..).##......⌠.......⌠...........#


There were no monsters in sight!

Vanquished Creatures
  the Royal Jelly (Slime:5)
  Mnoleg (Pan)
  Dispater (Dis:7)
  7 dread liches
  6 ancient liches
  4 orbs of fire
  Mennas (Tomb:3)
  3 juggernauts
  5 pandemonium lords
  26 royal mummies
  The ghost of sigtrap the Merry Spriggan, a legendary SpHu of Gozag (Zig:11)
  Boris (twice) (Depths:4 Tomb:3)
  10 Killer Klowns
  The ghost of middlethird the Sorcerer, a legendary VSAE of Cheibriados (Zig:11)
  2 curse toes (Zig:11)
  23 caustic shrikes
  20 shard shrikes
  6 golden dragons
  Geryon (Hell)
  Nikola (Spider:1)
  Jory (Vaults:3)
  11 profane servitors
  12 bone dragons
  Arachne (Spider:2)
  25 iron giants
  13 Tzitzimimeh
  A spectral shard shrike (Tar:4)
  An electric golem (Zot:5)
  23 Brimstone Fiends
  8 hellephants
  10 doom hounds
  Jorgrun (Spider:1)
  3 tentacled monstrosities
  5 liches
  36 Hell Sentinels
  16 Ice Fiends
  19 titans
  14 tainted leviathans
  2 deep elf master archers (Elf:3)
  8 searing wretches
  A quicksilver dragon (shapeshifter) (Zig:9)
  4 deep elf blademasters (Elf:3)
  24 Orb Guardians (Zot:5)
  3 quicksilver dragons
  23 acid blobs
  5 death cobs
  Murray (Hell)
  A walking frostbound tome (Depths:1)
  19 tentacled starspawn
  10 Executioners (Pan)
  8 shadow dragons
  4 krakens (Shoals:3)
  An eldritch tentacle (Dis:7)
  24 ancient champions
  9 sphinxes
  Kirke (Elf:1)
  Frances (Spider:1)
  5 storm dragons
  An azure jelly (shapeshifter) (Zig:9)
  4 draconian monks
  9 tengu reavers
  3 draconian knights
  6 revenants
  7 rockslimes (Slime:5)
  18 narguns
  7 azure jellies
  8 fire giants
  11 vault wardens
  10 quicksilver elementals
  6 deep elf sorcerers
  2 demonspawn warmongers (Pan)
  13 frost giants
  6 emperor scorpions
  8 iron dragons
  30 balrugs
  A juggernaut zombie (Tomb:1)
  3 shard shrike simulacra
  A caustic shrike zombie (Crypt:3)
  5 draconian scorchers
  3 curse skulls
  4 draconian shifters
  Aizul (Spider:3)
  2 draconian stormcallers
  10 ghost moths
  2 spectral caustic shrikes
  3 deep elf elementalists (Elf:3)
  4 demonspawn blood saints (Pan)
  15 quicksilver oozes
  38 very ugly things
  An angel (Abyss:4)
  2 juggernaut skeletons
  15 war gargoyles
  5 ironbound thunderhulks
  14 ironbound preservers
  4 vampire knights
  9 draconian annihilators
  25 reapers
  12 cacodemons (Pan)
  2 ghouls
  3 demonspawn corrupters (Pan)
  An orc warlord (Orc:1)
  4 starflowers (Abyss:6)
  A broodmother (Spider:3)
  21 stone giants
  Nessos (Lair:3)
  16 putrid mouths
  2 grey draconians (Depths:4)
  9 green draconians
  19 wendigos
  6 black draconians
  12 deep elf demonologists
  8 lorocyprocas (Pan)
  4 spark wasps
  25 elemental wellsprings
  2 bennus (Tomb:3)
  15 deep elf annihilators
  11 red draconians
  10 dire elephants
  5 eleionomae
  7 purple draconians
  9 yellow draconians
  5 demonspawn black suns
  8 eidola
  14 ettins
  16 iron golems
  5 crystal guardians
  7 white draconians
  14 blizzard demons
  8 deep elf death magi
  15 merfolk javelineers
  19 merfolk impalers
  20 mummy priests
  15 yaktaur captains
  6 fire dragons
  3 entropy weavers
  A spectral iron giant (Tar:4)
  4 deep elf high priests
  A spectral spriggan (Tar:3)
  9 green deaths
  9 caustic shrike simulacra
  5 ogre magi
  12 rakshasas
  A jorogumo (Spider:2)
  A spectral golden dragon (Tar:4)
  9 salamander tyrants
  7 hydras
  16 ice dragons
  8 jiangshi
  2 quicksilver dragon skeletons
  8 merfolk avatars
  A hell beast (Pan)
  7 great orbs of eyes
  A fenstrider witch skeleton (Crypt:1)
  7 catoblepae
  13 stokers
  A ghost crab (Zig:11)
  41 vault guards
  11 two-headed ogres
  3 death knights
  14 ironbound frosthearts
  7 juggernaut simulacra
  7 spriggan air magi
  21 centaur warriors
  11 satyrs
  An alligator snapping turtle (Zig:11)
  11 boulder beetles
  3 radroaches
  88 death scarabs
  2 alligator snapping turtles (shapeshifter)
  17 death yaks
  12 merfolk aquamancers
  7 deep troll shamans
  7 tengu warriors
  3 deep troll earth magi
  11 vampire magi
  40 hell hogs
  8 spriggan berserkers
  A spectral naga (Tar:2)
  16 thrashing horrors
  6 naga sharpshooters
  7 orc high priests
  Urug (Lair:5)
  11 crystal echidnas
  38 large abominations
  45 sun demons
  3 shock serpents (Zig:8)
  11 deep elf knights
  16 shadow wraiths
  4 spriggans
  7 skysharks
  15 soul eaters
  4 hell knights (Depths:1)
  A salamander mystic (Volcano)
  22 skeletal warriors
  A titan skeleton (Tomb:1)
  13 sea snakes
  14 wretched stars
  A glowing orange brain (shapeshifter) (Vaults:3)
  17 sixfirhies
  8 pharaoh ants
  5 glowing orange brains
  4 swamp dragons
  A sun moth (Spider:3)
  2 spriggan druids
  A quicksilver dragon simulacrum (Coc:7)
  A spectral anaconda (Tar:3)
  9 orb spiders
  3 iron trolls
  A kraken simulacrum (Hell)
  2 bog bodies
  13 shadow demons
  3 flayed ghosts
  16 wizards
  31 deep trolls
  A bunyip skeleton (Pan)
  5 obsidian statues
  5 orange crystal statues
  11 lindwurms
  32 harpies
  10 ironbound convokers
  4 orc knights
  8 steelbarb worms
  3 deep elf archers (Elf:3)
  9 necromancers
  5 phantasmal warriors
  23 wolf spiders
  16 orc sorcerers
  A spectral hydra (Tar:2)
  32 deep elf zephyrmancers
  A mana viper (Zig:6)
  19 deep elf pyromancers
  14 manticores
  43 ugly things
  9 oklob plants
  36 fauns
  4 worldbinders
  10 cyclopes
  A moth of wrath (shapeshifter) (Vaults:5)
  12 shining eyes
  A will-o-the-wisp (Zig:4)
  A frost giant skeleton (Vaults:3)
  An iron dragon skeleton (Crypt:1)
  4 salamanders (Volcano)
  A fire giant skeleton (Crypt:3)
  A stone giant zombie (Vaults:3)
  A spectral ettin (Tar:2)
  19 moths of wrath
  A sphinx skeleton (Depths:1)
  13 elephants (Lair:5)
  5 torpor snails
  14 water nymphs
  2 apocalypse crabs
  6 molten gargoyles
  8 rust devils (Hell)
  4 naga magi
  A stone giant skeleton (Depths:1)
  A black mamba (shapeshifter) (Vaults:5)
  4 titan simulacra
  8 ice statues
  9 demonic crawlers
  2 guardian serpents
  An eye of devastation (Slime:4)
  12 orange demons
  5 black mambas
  6 gargoyles
  22 merfolk sirens
  15 vault sentinels
  42 smoke demons
  3 centaur skeletons
  A centaur zombie (Hell)
  An eye of devastation (shapeshifter) (Abyss:7)
  5 cane toads
  A spriggan zombie (Depths:1)
  9 komodo dragons
  22 hellions
  12 freezing wraiths
  8 efreet
  Psyche (D:9)
  A green draconian zombie (Crypt:3)
  4 rime drakes
  5 unseen horrors
  A spectral human (Zig:6)
  39 tormentors
  2 bunyip simulacra (Coc:1)
  A human skeleton (Vaults:3)
  4 red devils
  A sea snake zombie (Crypt:1)
  44 yaktaurs
  4 kobold demonologists
  6 anaconda simulacra
  4 spectral harpies
  2 silent spectres
  49 guardian mummies
  6 ice devils
  3 tengu conjurers
  An iron giant simulacrum (Coc:7)
  6 ancient zymes
  2 golden dragon simulacra
  3 hydra zombies (Hell)
  4 polar bears
  12 trolls
  A meliai (shapeshifter) (Vaults:5)
  A queen bee (Spider:1)
  A harpy zombie (Crypt:2)
  62 merfolk
  A shadow dragon simulacrum (Depths:2)
  16 hellwings
  5 hornets
  17 blink frogs
  A tengu simulacrum (Depths:2)
  4 meliai
  2 ettin zombies
  A blink frog (shapeshifter) (Vaults:4)
  7 dream sheep
  A dream sheep (shapeshifter) (Vaults:5)
  2 harpy skeletons
  27 tarantellas
  4 hydra skeletons (Hell)
  An iron dragon simulacrum (Zig:12)
  2 frost giant simulacra (Depths:2)
  A snapping turtle (shapeshifter) (Zig:7)
  21 raiju
  4 stone giant simulacra
  13 wind drakes
  A jumping spider (shapeshifter) (Elf:2)
  3 alligator zombies
  9 snapping turtles
  A merfolk zombie (Shoals:4)
  34 flying skulls
  19 jumping spiders
  99 slime creatures
  6 air elementals
  A centaur simulacrum (D:15)
  A naga simulacrum (Coc:7)
  21 water elementals
  A dire elephant simulacrum (Coc:1)
  A culicivora (shapeshifter) (D:13)
  5 wraiths
  29 culicivoras
  6 fire bats
  2 shadows
  An ettin skeleton (Crypt:2)
  46 starcursed masses
  24 ynoxinuls
  10 ushabtiu
  5 wyverns
  Eustachio (D:5)
  4 basilisks
  2 hogs (Elf:1)
  An alligator snapping turtle simulacrum (Coc:3)
  2 vampires (Crypt:3)
  54 yaks
  2 fire elementals
  19 humans (D:13)
  2 golden eyes
  Grum (D:9)
  2 black mamba skeletons
  A redback (shapeshifter) (Abyss:2)
  50 redbacks
  31 neqoxecs
  2 steam dragons (D:9)
  5 spriggan simulacra
  A swamp worm (shapeshifter) (Zig:7)
  A water nymph zombie (Crypt:1)
  25 chaos spawn
  5 wargs
  2 vampire mosquitoes (D:14)
  5 nagas
  5 spatial vortices (Abyss:3)
  16 harpy simulacra
  5 acid dragons
  3 hell hounds (Hell)
  8 water moccasins
  A floating eye (Vaults:3)
  20 small abominations
  A naga skeleton (Crypt:3)
  A floating eye (shapeshifter) (D:15)
  A dream sheep zombie (Crypt:3)
  2 hydra simulacra (Coc:5)
  40 orc warriors
  4 ettin simulacra
  A two-headed ogre skeleton (Crypt:2)
  A sky beast (D:8)
  2 orc zombies (Orc:2)
  2 boggarts (Abyss:3)
  6 black bears
  An ice beast (Zig:3)
  10 ogres
  A wolf (shapeshifter) (D:15)
  39 wolves
  4 centaurs
  A phantom (D:5)
  A kobold brigand (D:12)
  2 gnoll sergeants (D:9)
  15 bullfrogs
  A necrophage (Crypt:1)
  An earth elemental (Zig:8)
  4 scorpions (Lair:3)
  2 wights
  A wyvern skeleton (Crypt:3)
  A water moccasin skeleton (Crypt:1)
  23 killer bees
  4 electric eels
  3 howler monkeys
  3 human simulacra
  A crimson imp (Abyss:3)
  8 lava snakes (Volcano)
  4 hounds
  2 jellies (D:6)
  14 orc priests
  4 iguanas
  2 sleepcaps (D:5)
  26 orc wizards
  4 hell rats (Lair:3)
  36 mummies
  19 gnolls
  7 adders
  A swamp drake zombie (Crypt:2)
  9 white imps
  An ufetubus (Abyss:3)
  An adder zombie (Crypt:3)
  A worm (D:4)
  70 orcs
  4 ball pythons
  7 bats
  2 endoplasms
  5 giant cockroaches
  4 goblins
  5 hobgoblins
  3 jackals (D:2)
  3 quokkas
  A frilled lizard (D:3)
  16 kobolds
  2 rats
  A river rat skeleton (Crypt:1)
  4 creeping infernos
  29 fire vortices
  3 lurking horrors
  11 starspawn tentacles
  10 tentacles (Shoals:3)
4039 creatures vanquished.

Vanquished Creatures (collateral kills)
  Antaeus (Coc:7)
  2 ancient liches
  Tiamat (Zot:2)
  A dread lich (Abyss:3)
  A juggernaut (Dis:7)
  2 Killer Klowns (Zot:5)
  Boris (twice) (Depths:2 Vaults:5)
  3 royal mummies
  Bai Suzhen (Depths:1)
  Saint Roka (Elf:3)
  Vv (Zot:2)
  4 caustic shrikes
  3 shard shrikes
  The ghost of Gorgoleon the Acrobat, a veteran MfGl of Okawaru (Depths:2)
  10 golden dragons
  2 profane servitors
  5 bone dragons
  A Tzitzimitl (Tar:7)
  3 electric golems
  The ghost of suzumiya the Tortoise, an adept MiGl of Jiyva (Elf:3)
  A spectral shard shrike (Tar:6)
  An iron giant (Dis:7)
  2 tainted leviathans (Tar:2)
  5 Ice Fiends (Coc:7)
  A shard shrike zombie (Crypt:2)
  18 tentacled monstrosities
  2 hellephants
  A deep elf blademaster (Elf:2)
  2 titans
  2 liches (Abyss:3)
  An Orb Guardian (Zot:5)
  22 searing wretches
  3 quicksilver dragons
  17 Executioners (Pan)
  11 ancient champions
  A tentacled starspawn (Abyss:3)
  2 tengu reavers
  11 storm dragons
  5 death cobs
  Roxanne (Spider:1)
  3 sphinxes
  10 shadow dragons
  A revenant (Crypt:3)
  An azure jelly (shapeshifter) (Vaults:5)
  7 narguns
  A rockslime (Slime:5)
  2 azure jellies
  6 quicksilver elementals
  7 fire giants (Zot:1)
  An iron dragon (Vaults:5)
  5 frost giants
  3 balrugs
  A deep elf sorcerer (Vaults:5)
  7 vault wardens
  A caustic shrike zombie (Abyss:3)
  A curse skull (Pan)
  4 shard shrike simulacra
  A caustic shrike skeleton (Pan)
  A cacodemon (Pan)
  A ghoul (Crypt:3)
  An ironbound thunderhulk (Vaults:4)
  2 quicksilver oozes (Slime:5)
  2 reapers
  4 very ugly things (Vaults:2)
  6 war gargoyles
  7 ironbound preservers
  2 elemental wellsprings
  2 vampire knights
  A lorocyproca (Pan)
  2 black draconians (Zot:1)
  3 demonspawn black suns
  2 bennus (Tomb:2)
  3 yellow draconians
  2 white draconians
  8 wendigos
  A purple draconian (Zot:1)
  3 red draconians
  3 dire elephants (Vaults:2)
  3 ettins
  2 iron golems
  2 deep elf death magi
  6 statues (Depths:2)
  2 crystal guardians (Vaults:3)
  A jiangshi (Crypt:1)
  8 fire dragons
  A blizzard demon (Pan)
  6 yaktaur captains
  A green death (Pan)
  A merfolk impaler (Shoals:4)
  4 mummy priests
  2 ice dragons (Zot:2)
  2 salamander tyrants
  A fenstrider witch zombie (Crypt:2)
  A deep elf high priest (Vaults:5)
  A quicksilver dragon skeleton (Crypt:3)
  2 peacekeepers (Vaults:3)
  3 caustic shrike simulacra
  3 spriggan air magi
  6 vault guards
  3 spriggan skeletons (Pan)
  4 fenstrider witch skeletons (Pan)
  16 dancing weapons
  A boulder beetle (D:11)
  2 deep troll shamans
  3 death scarabs
  5 hell hogs
  A titan zombie (Crypt:2)
  2 two-headed ogres
  An orc high priest (Orc:2)
  A thrashing horror (Abyss:3)
  2 hell knights
  7 crystal echidnas
  8 iron trolls
  2 deep elf knights (Elf:2)
  7 soul eaters (Pan)
  5 shadow wraiths (Pan)
  A wretched star (Abyss:3)
  3 flayed ghosts
  A spatial maelstrom (Abyss:3)
  6 skeletal warriors
  5 deep trolls
  A spriggan simulacrum (Coc:7)
  A golden dragon skeleton (Depths:1)
  2 swamp dragons (Vaults:3)
  A shadow dragon zombie (Crypt:3)
  A wizard (Vaults:3)
  4 phantasmal warriors
  A deep elf pyromancer (Elf:2)
  2 orc knights
  4 ironbound convokers
  2 deep elf zephyrmancers (Elf:2)
  An iron dragon zombie (Crypt:2)
  An anaconda skeleton (Pan)
  A lindwurm (Vaults:1)
  3 ugly things
  A mana viper (shapeshifter) (Vaults:5)
  2 moths of wrath
  A frost giant zombie (Crypt:2)
  2 wolf spiders (Spider:2)
  2 dire elephant zombies
  A stone giant skeleton (Pan)
  A smoke demon (Pan)
  5 demonic crawlers
  A titan simulacrum (Coc:7)
  4 vault sentinels
  A centaur skeleton (Pan)
  Maggie (D:9)
  A hellion (Geh:1)
  A kobold demonologist (D:9)
  An alligator snapping turtle skeleton (Pan)
  A rime drake (Lair:1)
  3 yaktaurs
  3 freezing wraiths
  An ice devil (Depths:2)
  An anaconda simulacrum (Coc:5)
  2 spectral harpies
  A mana viper zombie (Crypt:3)
  2 guardian mummies
  A red devil (Pan)
  A black draconian skeleton (Crypt:1)
  2 trolls
  2 tarantellas (Spider:2)
  2 harpy skeletons
  3 raiju (Abyss:3)
  An iron dragon simulacrum (Coc:3)
  A flying skull (Crypt:2)
  A fire dragon skeleton (Pan)
  3 jumping spiders
  11 slime creatures
  4 yaks
  2 ynoxinuls
  4 wraiths
  3 culicivoras
  A dire elephant simulacrum (Coc:4)
  A water elemental (Shoals:2)
  A culicivora (shapeshifter) (Vaults:5)
  A wyvern (Abyss:3)
  2 vampires (Crypt:3)
  An ushabti (Tomb:3)
  A wyvern (shapeshifter) (Depths:3)
  5 chaos spawn
  9 redbacks
  A spatial vortex (Abyss:3)
  5 harpy simulacra
  A deep troll skeleton (Pan)
  A naga skeleton (Pan)
  3 acid dragons
  16 large abominations
  An orc zombie (Orc:2)
  3 orc warriors
  A centaur (D:8)
  A kobold brigand (D:9)
  An earth elemental (Elf:3)
  A gnoll sergeant (D:9)
  2 wights (D:9)
  2 small abominations (Abyss:3)
  2 killer bees (D:9)
  A raiju skeleton (Crypt:2)
  An electric eel (D:9)
  5 orc priests
  3 mummies
  A gnoll (Bailey)
  A howler monkey skeleton (Crypt:2)
  A shadow imp (D:5)
  2 white imps (Abyss:2)
  13 orcs
  A creeping inferno (Geh:7)
  6 fire vortices
  2 starspawn tentacles (Abyss:3)
622 creatures vanquished.

Vanquished Creatures (others)
  A hellephant (Geh:2)
  132 eldritch tentacles
  A shard shrike simulacrum (Abyss:4)
  A green draconian (Zot:1)
  A spriggan skeleton (Pan)
  A stoker (Geh:7)
  A dancing weapon (Elf:2)
  An alligator (Zig:5)
  A hell hog (Geh:2)
  A crystal echidna (Dis:7)
  A deep elf knight (Elf:2)
  A hell knight (Vaults:3)
  A quicksilver dragon simulacrum (Coc:7)
  A wolf spider zombie (Spider:2)
  A deep elf pyromancer (Elf:3)
  A fire giant zombie (Zot:1)
  An ugly thing (Vaults:3)
  A naga skeleton (Pan)
  A green draconian zombie (Zot:1)
  3 iron troll zombies (Depths:2)
  4 redback zombies (Spider:2)
  A bloated husk (Zig:5)
  A culicivora zombie (Spider:2)
  A tarantella zombie (Spider:2)
  A raiju (Abyss:3)
  A jumping spider (Spider:3)
  A naga simulacrum (Coc:7)
  A human (Elf:1)
  3 small abominations (Abyss:4)
  4 merfolk zombies (Shoals:4)
  2 deep troll zombies (Depths:2)
  A centaur (Shoals:2)
  7 orc zombies (Orc:2)
  An orc (Orc:2)
  A creeping inferno (Geh:2)
  A fire vortex (Geh:6)
  6 foxfires (Zig:4)
  A lurking horror (Abyss:7)
  19 starspawn tentacles
  9 tentacles (Shoals:3)
219 creatures vanquished.

Grand Total: 4880 creatures vanquished

Notes
Turn   | Place    | Note
-------+----------+-------------------------------------------
     0 | D:1      | cdecastro the Djinni Ice Elementalist began the quest for
                  | the Orb.
     0 | D:1      | cdecastro set off with the following spells memorised:
                  | Freeze, Frozen Ramparts, Ozocubu's Armour, Summon Ice
                  | Beast.
     0 | D:1      | Reached XP level 1. HP: 15/15 MP: 0/0
   138 | D:1      | Reached XP level 2. HP: 17/22 MP: 0/0
   347 | D:1      | Reached skill level 1 in Fighting
   493 | D:1      | Reached XP level 3. HP: 22/27 MP: 0/0
   493 | D:1      | Learned a level 1 spell: Sting
  1462 | D:3      | Reached XP level 4. HP: 26/33 MP: 0/0
  1902 | D:3      | Reached XP level 5. HP: 27/38 MP: 0/0
  1902 | D:3      | Learned a level 2 spell: Blink
  2057 | D:3      | Found a burning altar of Makhleb.
  2237 | D:4      | Identified the +1 robe "Tap Gic" {rElec Str+3}
  2244 | D:4      | Found a shimmering altar of Xom.
  2297 | D:4      | Found a staircase to the Ecumenical Temple.
  2508 | Temple   | Entered the Ecumenical Temple
  2662 | Temple   | Became a worshipper of Ashenzari the Shackled
  2844 | D:4      | Found Cecaugog's Antique Armour Shoppe.
  2844 | D:4      | Found Sirghil's Distillery.
  2847 | D:4      | Found Wuopp's Antique Weapon Shoppe.
  2848 | D:4      | Found Pyistong's Antique Weapon Shoppe.
  2874 | D:4      | Reached XP level 6. HP: 27/45 MP: 0/0
  2970 | D:4      | Bought a potion of haste for 140 gold pieces
  3015 | D:4      | Found a white marble altar of Elyvilon.
  3070 | D:4      | Found Eskoarutzu's Armour Boutique.
  3262 | D:5      | Entered Level 5 of the Dungeon
  3262 | D:5      | Noticed a black bear
  3342 | D:5      | Found a hazy altar of Hepliaklqana.
  3912 | D:6      | Found a shadowy altar of Dithmenos.
  3952 | D:6      | Reached skill level 5 in Spellcasting
  4138 | D:6      | Reached XP level 7. HP: 47/51 MP: 0/0
  4138 | D:6      | Learned a level 3 spell: Mephitic Cloud
  4350 | D:6      | Reached * piety under Ashenzari
  4350 | D:6      | Identified a scroll of acquirement
  4964 | D:5      | Reached XP level 8. HP: 57/60 MP: 0/0
  5197 | D:5      | Found a sparkling altar of Nemelex Xobeh.
  5206 | D:5      | Found a blossoming altar of Fedhas.
  5216 | D:5      | Reached skill level 5 in Fighting
  5648 | D:5      | Noticed Eustachio
  5790 | D:5      | Killed Eustachio
  6026 | D:5      | Reached XP level 9. HP: 47/68 MP: 0/0
  6026 | D:5      | Learned a level 4 spell: Iskenderun's Mystic Blast
  6633 | D:7      | Found a glowing silver altar of Zin.
  6852 | D:8      | Reached XP level 10. HP: 70/77 MP: 0/0
  7060 | D:8      | Reached ** piety under Ashenzari
  7208 | D:8      | Found a staircase to the Lair.
  7925 | D:8      | Found a basalt altar of Yredelemnul.
  7996 | D:9      | Noticed a two-headed ogre
  8055 | D:9      | Noticed Maggie
  8062 | D:9      | Killed Maggie
  8068 | D:9      | Found a flagged portal.
  8085 | Bailey   | Entered a bailey
  8599 | D:9      | Found Somiamul's Jewellery Boutique.
  8649 | D:9      | Killed a two-headed ogre
  8650 | D:9      | Reached skill level 10 in Spellcasting
  8710 | D:9      | Noticed Grum
  8724 | D:9      | Killed Grum
  8885 | D:9      | Reached XP level 11. HP: 76/87 MP: 0/0
  8885 | D:9      | Learned a level 4 spell: Animate Dead
  9493 | D:9      | Reached *** piety under Ashenzari
  9822 | D:9      | Identified the staff of conjuration "Tenot" {Drain rElec
                  | Str+2 Int+3}
  9857 | D:9      | Noticed Psyche
  9865 | D:9      | Killed Psyche
 10435 | D:9      | Found a staircase to the Orcish Mines.
 10782 | D:9      | Reached skill level 10 in Fighting
 11194 | D:9      | Noticed a catoblepas
 11206 | D:9      | Noticed a wizard
 11217 | D:9      | Killed a wizard
 11608 | D:10     | Entered Level 10 of the Dungeon
 11948 | D:10     | Found a glowing golden altar of the Shining One.
 12160 | D:10     | Reached XP level 12. HP: 87/98 MP: 0/0
 12417 | D:10     | Noticed a two-headed ogre
 12432 | D:10     | Killed a two-headed ogre
 12433 | D:10     | Reached skill level 5 in Dodging
 12465 | D:10     | Found an ornate altar of the Wu Jian Council.
 12664 | D:10     | Found a portal to a secret trove of treasure.
 13020 | D:11     | Noticed a boulder beetle
 13040 | D:11     | Killed a boulder beetle
 13161 | D:11     | Found the +5 Force Lance {heavy, knockback}
 13170 | D:11     | Noticed a boulder beetle
 13182 | D:11     | Killed a boulder beetle
 13426 | D:11     | Noticed a two-headed ogre
 13436 | D:11     | Killed a two-headed ogre
 13739 | Lair:1   | Entered Level 1 of the Lair of Beasts
 14477 | Lair:1   | Reached skill level 1 in Armour
 15399 | Lair:2   | Reached XP level 13. HP: 101/108 MP: 0/0
 15399 | Lair:2   | Learned a level 5 spell: Fireball
 15561 | Lair:2   | Reached skill level 5 in Armour
 15681 | Lair:2   | Found a staircase to the Shoals.
 16047 | Lair:3   | Noticed Nessos
 16074 | Lair:3   | Killed Nessos
 16194 | Lair:3   | Found a hide-covered altar of Uskayaw.
 16389 | Lair:3   | Identified the +0 buckler of the Fife {rPois rF+ rC+}
 16735 | Lair:3   | Found a hole to the Spider Nest.
 17303 | Lair:3   | Reached **** piety under Ashenzari
 18490 | Lair:4   | Reached XP level 14. HP: 106/121 MP: 0/0
 18619 | Lair:4   | Reached skill level 5 in Stealth
 19161 | Lair:5   | Entered Level 5 of the Lair of Beasts
 20032 | Lair:5   | Found a staircase to the Slime Pits.
 20320 | Lair:5   | Noticed Urug
 20322 | Lair:5   | Killed Urug
 21184 | Lair:5   | Reached XP level 15. HP: 114/129 MP: 0/0
 21184 | Lair:5   | Learned a level 6 spell: Statue Form
 21636 | Lair:2   | Identified the cursed +0 pair of gloves of the Distant Sage
                  | {Fort, Self} (You found it on level 3 of the Dungeon)
 22804 | D:12     | Reached ***** piety under Ashenzari
 22939 | D:4      | Bought a glowing cloak for 180 gold pieces
 23022 | D:9      | Bought the ring of Free Will {rElec rF+ rC+ Slay+3} for 820
                  | gold pieces
 23106 | D:4      | Bought a crude sling for 123 gold pieces
 23106 | D:4      | Identified the +7 sling "Nelo" {speed, rN+} (You bought it
                  | in a shop on level 4 of the Dungeon)
 23329 | D:12     | Reached skill level 15 in Fighting
 23795 | D:13     | Identified the +2 leather armour "Wedghunaxt" {Regen+}
 23812 | D:13     | Found a gate to the Vaults.
 24751 | D:13     | Acquired 642 gold pieces
 24753 | D:13     | Acquired 823 gold pieces
 25162 | D:14     | Found Xud Bau's Neck Hole.
 25169 | D:14     | Bought the amulet "Igiff" {rC+ Regen+} for 836 gold pieces
 25367 | D:14     | Reached XP level 16. HP: 131/139 MP: 0/0
 25845 | D:15     | Entered Level 15 of the Dungeon
 26816 | D:15     | Identified the +1 plate armour of a wizard's laboratory
                  | {rElec rC++ Will-}
 26851 | D:15     | Found a staircase to the Depths.
 26898 | D:15     | Identified the +1 leather armour of the Dice {Harm rF+
                  | Str+4}
 27121 | Orc:1    | Entered Level 1 of the Orcish Mines
 27414 | Orc:2    | Entered Level 2 of the Orcish Mines
 27462 | Orc:2    | Found a staircase to the Elven Halls.
 27540 | Orc:2    | Found a dark tunnel.
 27546 | Volcano  | Entered a volcano
 27859 | Volcano  | Found a burning altar of Makhleb.
 28684 | Orc:2    | Reached skill level 15 in Spellcasting
 29171 | Orc:2    | Found Hunoop's Armour Emporium.
 29171 | Orc:2    | Found Gajet's Jewellery Boutique.
 29173 | Orc:2    | Found Xillut's Armour Emporium.
 29173 | Orc:2    | Found Benicwo's Weapon Boutique.
 29455 | Spider:1 | Entered Level 1 of the Spider Nest
 29461 | Spider:1 | Reached XP level 17. HP: 116/148 MP: 0/0
 29461 | Spider:1 | Learned a level 7 spell: Ozocubu's Refrigeration
 29467 | Spider:1 | Noticed Nikola
 29618 | Spider:1 | Killed Nikola
 29644 | Spider:1 | Noticed Frances
 29648 | Spider:1 | Killed Frances
 29879 | Spider:1 | Noticed Jorgrun
 29885 | Spider:1 | Killed Jorgrun
 30103 | Spider:1 | Noticed Roxanne
 31117 | Spider:2 | Noticed Arachne
 31124 | Spider:2 | Killed Arachne
 31400 | Spider:2 | Identified the +11 war axe of the Gloaming {spect, Dex+5}
 32268 | Spider:3 | Reached XP level 18. HP: 153/153 MP: 0/0
 32566 | Spider:3 | Noticed Aizul
 32700 | Spider:3 | Killed Aizul
 33036 | Spider:4 | Entered Level 4 of the Spider Nest
 34324 | Spider:4 | Got a gossamer rune of Zot
 34587 | Shoals:1 | Entered Level 1 of the Shoals
 34674 | Shoals:1 | Identified the +6 falchion "Rovaqaoj" {antimagic, rF- rN+
                  | Str+4}
 35345 | Shoals:1 | Identified the Quarto of the First Mouths
 35642 | Shoals:2 | Reached XP level 19. HP: 138/165 MP: 0/0
 35642 | Shoals:2 | Learned a level 7 spell: Summon Hydra
 37262 | Shoals:3 | Found Roecos's Assorted Antiques.
 37553 | D:14     | Bought the scarf of Yfomakur {repulsion, Str+2 Int+5} for
                  | 602 gold pieces
 37999 | Shoals:3 | Identified the quicksilver dragon scales of the Lumpy Gods
                  | {Fly rC+ Will+ Dex+2}
 37999 | Shoals:3 | Identified the ring "Ivegef" {Wiz rN++ Dex+3 SInv}
 38018 | Shoals:3 | Found a runed translucent door.
 39085 | Shoals:4 | Entered Level 4 of the Shoals
 39144 | Shoals:4 | Reached XP level 20. HP: 139/174 MP: 0/0
 39149 | Shoals:4 | Found a flickering gateway to a bazaar.
 39152 | Bazaar   | Entered a bazaar
 39255 | Bazaar   | Found Terifepp's Jewellery Shoppe.
 39268 | Bazaar   | Found Quihesch's Distillery.
 39297 | Bazaar   | Found Muumag's Antique Weapon Emporium.
 39310 | Bazaar   | Found Kuyge's General Store.
 39350 | Bazaar   | Bought a potion of mutation for 80 gold pieces
 39350 | Bazaar   | Bought a potion of brilliance for 40 gold pieces
 39350 | Bazaar   | Bought a potion of invisibility for 80 gold pieces
 39350 | Bazaar   | Bought a potion of resistance for 100 gold pieces
 39350 | Bazaar   | Bought a potion of heal wounds for 50 gold pieces
 39372 | Bazaar   | Bought a scroll of enchant weapon for 97 gold pieces
 39386 | Bazaar   | Bought a pitted hand axe for 256 gold pieces
 39386 | Bazaar   | Identified the +0 hand axe of Sotuciv {heavy, rElec rN++
                  | Int+4 Dex-5} (You bought it in a shop in a bazaar)
 39386 | Bazaar   | Bought a fine scimitar for 288 gold pieces
 39386 | Bazaar   | Identified the +9 scimitar of Huakid {venom, Fragile rElec
                  | rPois rC+} (You bought it in a shop in a bazaar)
 40457 | Shoals:4 | Got a barnacled rune of Zot
 40592 | Shoals:4 | Identified the Almanac of the Maze
 41263 | Elf:1    | Entered Level 1 of the Elven Halls
 41481 | Elf:1    | Noticed Kirke
 41484 | Elf:1    | Killed Kirke
 41653 | Elf:1    | Identified the Cyclopedia of Creative Bolts
 41777 | Elf:1    | Found Reifudy's Distillery.
 42551 | Elf:2    | Identified Ts'ui Pên's Handbook of Forking Paths
 42771 | Elf:2    | Identified the Vellum of Sand
 42773 | Elf:2    | Identified the Atlas of Axaxaxas mlö
 43004 | Elf:2    | Found a runed translucent gate.
 43005 | Elf:2    | Found a runed translucent gate.
 43005 | Elf:2    | Found a runed translucent gate.
 43310 | Depths:1 | Entered Level 1 of the Depths
 43527 | Depths:1 | Reached XP level 21. HP: 173/182 MP: 0/0
 43527 | Depths:1 | Learned a level 7 spell: Malign Gateway
 43563 | Depths:1 | Found a one-way gate to the infinite horrors of the Abyss.
 43574 | Depths:1 | Noticed Bai Suzhen
 43625 | Depths:1 | Killed Bai Suzhen
 44122 | Depths:1 | Found a gateway to Hell.
 44197 | Depths:1 | Found a shimmering altar of Xom.
 45038 | Depths:1 | Identified the +10 shortbow of Discord {drain, Will- Int+5}
 45039 | Depths:1 | Identified the Almanac of Feathery Battle Magic
 45039 | Depths:1 | Identified the Treatise on the Curse
 45396 | Depths:2 | Found a runed translucent gate.
 45585 | Depths:2 | Found a flickering gateway to a bazaar.
 45602 | Bazaar   | Entered a bazaar
 45602 | Bazaar   | Found Ziock's Antique Weapon Shop.
 45630 | Bazaar   | Found Vapnile's Antique Armour Shop.
 45657 | Bazaar   | Found Ehyi's Distillery.
 45668 | Bazaar   | Bought a potion of resistance for 120 gold pieces
 45668 | Bazaar   | Bought a potion of attraction for 36 gold pieces
 45668 | Bazaar   | Bought a potion of invisibility for 96 gold pieces
 46231 | Depths:2 | Noticed Boris
 46231 | Depths:2 | Identified the staff of earth "Dosalec" {rF+ rN+ Will+
                  | Str-5}
 46241 | Depths:2 | Killed Boris
 46475 | Depths:2 | Reached XP level 22. HP: 181/192 MP: 0/0
 46502 | Depths:2 | Found a one-way gate leading to the halls of Pandemonium.
 46933 | Depths:2 | Identified the +5 war axe of the Beginning {heavy, rF-
                  | Will+ Int+3}
 47198 | Depths:2 | Found a runed translucent gate.
 47198 | Depths:2 | Found a runed translucent gate.
 47232 | Depths:2 | Identified the +6 flail of Gallantry {holy, rN+}
 47265 | Depths:2 | Identified the ring "Ozuy" {Wiz rN+ MP+9 Slay+2}
 47556 | Depths:2 | Noticed Gorgoleon's ghost (veteran MfGl)
 47695 | Depths:2 | Identified the ring "Suntuv" {Fire rCorr Str+4 Int+3}
 48154 | Depths:3 | Found Adecivue's Magic Scroll Boutique.
 48155 | Depths:3 | Noticed a golden dragon
 48166 | Depths:3 | Killed a golden dragon
 48517 | Depths:3 | Found Recliffoam's Jewellery Shop.
 48779 | Depths:3 | Noticed a golden dragon
 48787 | Depths:3 | Killed a golden dragon
 49058 | Depths:4 | Entered Level 4 of the Depths
 49058 | Depths:4 | Noticed a caustic shrike
 49058 | Depths:4 | Noticed a caustic shrike
 49058 | Depths:4 | Noticed a caustic shrike
 49174 | Depths:4 | Noticed Boris
 49916 | Vaults:1 | Entered Level 1 of the Vaults
 49951 | Vaults:1 | Identified the +8 chain mail "Qemumat" {Int+2 Dex+2}
 50025 | Vaults:1 | Reached skill level 10 in Dodging
 50957 | Vaults:1 | Reached XP level 23. HP: 152/201 MP: 0/0
 50957 | Vaults:1 | Learned a level 7 spell: Spellforged Servitor
 51484 | Vaults:1 | Identified the +2 hat "Ceryxec" {rC+ Stlth+}
 51767 | Vaults:2 | Found Bov Kasch's Weapon Boutique.
 51776 | Vaults:2 | Reached skill level 10 in Armour
 52833 | Vaults:2 | Found a staircase to the Crypt.
 53994 | Vaults:2 | Reached skill level 10 in Stealth
 54460 | Vaults:3 | Identified the orb of Complete Protection {*channel, Fly
                  | rCorr}
 54484 | Vaults:3 | Noticed Jory
 54488 | Vaults:3 | Killed Jory
 54568 | Vaults:3 | Identified the +3 long sword "Mekeesul" {flame, rElec rPois
                  | Will- MP+9}
 54941 | Vaults:3 | Reached XP level 24. HP: 182/208 MP: 0/0
 56869 | Vaults:3 | Found the crystal ball of Wucad Mu {*channel}
 57015 | Vaults:3 | Identified the +0 helmet of Duty {-Tele rN+ Will+++ Stlth+}
 57326 | Vaults:4 | Identified the ring of Divine Intervention {Ice rElec rN+
                  | Will+ Int-5}
 58309 | Vaults:4 | Reached skill level 15 in Dodging
 58312 | Vaults:4 | Identified the +6 halberd of the Feather {protect, rN+
                  | Will+}
 59265 | Elf:2    | Reached XP level 25. HP: 168/214 MP: 0/0
 59265 | Elf:2    | Learned a level 8 spell: Ignition
 59730 | Elf:3    | Entered Level 3 of the Elven Halls
 60026 | Elf:3    | Found a runed translucent door.
 60029 | Elf:3    | Noticed suzumiya's ghost (adept MiGl)
 60037 | Elf:3    | Found a shimmering altar of Xom.
 60038 | Elf:3    | Identified the +2 shortbow "Iruozem" {freeze, Contam rC+
                  | Dex+6}
 60046 | Elf:3    | Noticed Saint Roka
 60052 | Elf:3    | Killed Saint Roka
 60199 | Elf:3    | Identified the Guidebook on Mud
 60200 | Elf:3    | Identified the Dissertation on Vapour
 60200 | Elf:3    | Identified the Secrets of the Coals
 60212 | Elf:3    | Identified the Precepts of Firn
 60256 | Elf:3    | Paralysed by an air elemental for 1 turns
 60977 | Elf:3    | Identified the ring "Leh Jaidgh" {Str+5 Dex+6}
 61124 | Elf:3    | Identified the +2 hand axe of Notseelo {venom, rElec Int+3}
 61165 | Elf:3    | Identified the +0 ring mail of Sloth {rN++}
 61194 | Elf:3    | Identified the +10 shortbow "Angifo" {antimagic, rN+ Str+3
                  | Dex+3 Stlth+}
 61194 | Elf:3    | Identified the ring "Rukyfoo" {rN+ Str+2 Stlth+}
 61349 | Elf:3    | Identified the +2 helmet of Jigsaw {rCorr}
 61393 | Elf:3    | Identified the Parchment of Kinetic Energy
 61431 | Elf:3    | Identified the Almanac of Changing and Vitiation
 61431 | Elf:3    | Identified the +5 ring mail of Paranoia {+Inv Str-2 Dex+10
                  | Slay-6}
 61433 | Elf:3    | Identified the staff of death "Litug" {rF+ rC- rN+ Int+3}
 62289 | Spider:1 | Killed Roxanne
 62347 | Lair:3   | Identified the cursed +2 pair of gloves "Seeker of
                  | Ashenzari" {Self, Fort} (You took it off Nikola on level 1
                  | of the Spider Nest)
 62946 | Elf:3    | Killed suzumiya's ghost
 63415 | Depths:2 | Killed Gorgoleon's ghost
 63845 | Crypt:1  | Entered Level 1 of the Crypt
 64014 | Crypt:1  | Identified the +1 glaive of Bynoimisk {speed, Str+4 Stlth+}
 64128 | Crypt:1  | Reached skill level 15 in Armour
 64755 | Crypt:2  | Reached XP level 26. HP: 209/221 MP: 0/0
 65701 | Crypt:3  | Entered Level 3 of the Crypt
 65977 | Crypt:3  | Reached skill level 1 in Shields
 66650 | Crypt:3  | Reached skill level 15 in Stealth
 66721 | Crypt:3  | Reached ****** piety under Ashenzari
 66812 | Crypt:3  | Found a staircase to the Tomb.
 67022 | Crypt:3  | Found a basalt altar of Yredelemnul.
 67165 | Crypt:3  | Identified the ring of Foohol {rC++ rN+ Str+6}
 67165 | Crypt:3  | Identified the ring "Illyolis" {rElec rF+ rN+ rCorr Str+5}
 67165 | Crypt:3  | Identified the ring "Uxywn" {rN+ Will- rCorr Str+2}
 67341 | Tomb:1   | Entered Level 1 of the Tomb of the Ancients
 67435 | Tomb:1   | Identified the +4 ring mail "Mabrood" {*Corrode Int+5}
 67617 | Tomb:1   | Identified the +0 cloak of Dishonour {Will- Str+6}
 67654 | Tomb:1   | Reached skill level 1 in Evocations
 67725 | Tomb:1   | Noticed a royal mummy
 67747 | Tomb:1   | Killed a royal mummy
 68071 | Tomb:1   | Reached skill level 5 in Evocations
 68291 | Tomb:1   | Noticed a royal mummy
 68295 | Tomb:1   | Killed a royal mummy
 69020 | Depths:4 | Reached XP level 27. HP: 200/228 MP: 0/0
 69020 | Depths:4 | Learned a level 9 spell: Shatter
 69357 | Depths:4 | Killed Boris
 69465 | Depths:4 | Found a one-way gateway to a ziggurat.
 69987 | Depths:4 | Found Tadekluofu's Book Shop.
 69990 | Depths:4 | Found Tiefroma's Jewellery Emporium.
 69991 | Depths:4 | Found Raphanus's Book Shop.
 70248 | Depths:4 | Found a gate to the Realm of Zot.
 70755 | Vaults:5 | Entered Level 5 of the Vaults
 70759 | Vaults:5 | Noticed Boris
 71133 | Vaults:5 | Identified the amulet "Riosm" {Reflect Int+6 SH+5}
 71272 | Vaults:5 | Killed Boris
 71292 | Vaults:5 | Identified the ring "Fest" {rElec rF+ rN+ Will+}
 71791 | Vaults:5 | Identified the +0 pair of boots of Bebleyje {Contam rF+++
                  | rN+++ Dex-2}
 71792 | Vaults:5 | Identified the ring "Qoemoin" {Fire Str+3 Dex+2}
 71793 | Vaults:5 | Identified the Omnibus of Forms
 71793 | Vaults:5 | Identified the staff of poison "Siduatom" {rPois Int+7}
 71839 | Vaults:5 | Identified the +1 ring mail of Rihaal {Will+ Str+3}
 72418 | Vaults:5 | Got a silver rune of Zot
 73125 | Zot:1    | Entered Level 1 of the Realm of Zot
 73275 | Zot:1    | Noticed an orb of fire
 73814 | Zot:1    | Killed an orb of fire
 74388 | Zot:1    | Identified the +5 ring mail of Virtue {rC- Dex+9 SInv}
 74802 | Zot:2    | Noticed Vv
 74810 | Zot:2    | Killed Vv
 75768 | Zot:2    | Identified the +0 robe of Unreason {rF+ Slay+6}
 75771 | Zot:2    | Identified the +3 morningstar of Blood {pain, Fly Str-2
                  | Dex+5}
 75771 | Zot:2    | Found the +4 dragonskin cloak
 75771 | Zot:2    | Noticed Tiamat
 75772 | Zot:2    | Identified the ring "Potuad" {Fire rPois Str+3}
 75971 | Zot:2    | Killed Tiamat
 76702 | Zot:3    | Reached skill level 10 in Evocations
 76925 | Zot:3    | Identified the Incunable of Aerial Terrain
 77389 | Zot:3    | Identified the +3 mace "Uppyeggau" {drain, *Rage +Blink
                  | Int+2 SInv}
 77389 | Zot:3    | Identified the Anthology of The Black Sun
 77389 | Zot:3    | Noticed an orb of fire
 77836 | Zot:4    | Acquired 676 gold pieces
 79079 | Zot:5    | Entered Level 5 of the Realm of Zot
 79248 | Zot:5    | Identified the +4 sling "Qomuis" {freeze, Str+4 Stlth+}
 79855 | Zot:5    | Noticed an ancient lich
 79865 | Zot:5    | Noticed a Killer Klown
 79866 | Zot:5    | Noticed a Killer Klown
 79878 | Zot:5    | Killed an ancient lich
 79905 | Zot:5    | Killed a Killer Klown
 80068 | Zot:5    | Noticed a Killer Klown
 80091 | Zot:5    | Killed a Killer Klown
 80117 | Zot:5    | Noticed an orb of fire
 80128 | Zot:5    | Noticed a Killer Klown
 80130 | Zot:5    | Gained mutation: You are very vulnerable to cold. (rC--)
                  | [an orb of fire]
 80131 | Zot:5    | Killed an orb of fire
 80141 | Zot:5    | Killed a Killer Klown
 80142 | Zot:5    | Killed a Killer Klown
 80187 | Zot:5    | Noticed an orb of fire
 80188 | Zot:5    | Gained mutation: You are dopey. (Int -2) [an orb of fire]
 80343 | Zot:5    | Noticed an ancient lich
 80346 | Zot:5    | Killed an ancient lich
 80346 | Zot:5    | Noticed an orb of fire
 80347 | Zot:5    | Gained mutation: Your body sometimes deteriorates upon
                  | taking damage. [an orb of fire]
 80348 | Zot:5    | Killed an orb of fire
 80348 | Zot:5    | Noticed a Killer Klown
 80348 | Zot:5    | Noticed a Killer Klown
 80440 | Zot:5    | Gained mutation: You do not regenerate when monsters are
                  | visible. [an orb of fire]
 80506 | Zot:5    | Killed a Killer Klown
 80508 | Zot:5    | Killed a Killer Klown
 80511 | Zot:5    | Gained mutation: You sometimes lose your temper in combat.
                  | [an orb of fire]
 80514 | Zot:5    | Killed an orb of fire
 80632 | Zot:5    | Noticed a dread lich
 80632 | Zot:5    | Noticed a Killer Klown
 80635 | Zot:5    | Killed a Killer Klown
 80635 | Zot:5    | Killed a dread lich
 80758 | Zot:5    | Noticed a Killer Klown
 80768 | Zot:5    | Killed a Killer Klown
 81568 | D:15     | Lost mutation: You are dopey. (Int -2) [potion of mutation]
 81568 | D:15     | Lost mutation: You sometimes lose your temper in combat.
                  | [potion of mutation]
 81568 | D:15     | Lost mutation: You are very vulnerable to cold. (rC--)
                  | [potion of mutation]
 81568 | D:15     | Gained mutation: Your muscles are strong. (Str +4, Int/Dex
                  | -1) [potion of mutation]
 81568 | D:15     | Gained mutation: You are frail. (-10% HP) [potion of
                  | mutation]
 81568 | D:15     | Gained mutation: Your mind is acute. (Int +4, Str/Dex -1)
                  | [potion of mutation]
 81569 | D:15     | Lost mutation: You are frail. (-10% HP) [potion of
                  | mutation]
 81569 | D:15     | Lost mutation: Your muscles are strong. (Str +4, Int/Dex
                  | -1) [potion of mutation]
 81569 | D:15     | Gained mutation: You are weak. (Str -2) [potion of
                  | mutation]
 81569 | D:15     | Gained mutation: You occasionally lose the ability to read
                  | scrolls when taking damage. [potion of mutation]
 81569 | D:15     | Lost mutation: You are weak. (Str -2) [potion of mutation]
 81570 | D:15     | Lost mutation: You do not regenerate when monsters are
                  | visible. [potion of mutation]
 81570 | D:15     | Lost mutation: Your mind is acute. (Int +4, Str/Dex -1)
                  | [potion of mutation]
 81570 | D:15     | Lost mutation: You occasionally lose the ability to read
                  | scrolls when taking damage. [potion of mutation]
 81570 | D:15     | Gained mutation: Your mind is acute. (Int +4, Str/Dex -1)
                  | [potion of mutation]
 81570 | D:15     | Gained mutation: You are robust. (+10% HP) [potion of
                  | mutation]
 81782 | D:10     | You paid a toll of +4 fire dragon scales to enter a
                  | treasure trove
 81783 | Trove    | Entered a treasure trove
 81795 | Trove    | Identified the Codex of the Frostbound Shift
 82072 | Shoals:3 | Bought a scroll of acquirement for 1924 gold pieces
 82072 | Shoals:3 | Bought a scroll of fog for 148 gold pieces
 82072 | Shoals:3 | Bought a potion of mutation for 296 gold pieces
 82084 | Shoals:3 | Acquired 709 gold pieces
 82458 | Hell     | Entered the Vestibule of Hell
 82458 | Hell     | Noticed Geryon
 82468 | Hell     | Noticed Murray
 82470 | Hell     | Killed Murray
 82580 | Hell     | Killed Geryon
 82581 | Hell     | Reached skill level 15 in Evocations
 82710 | Hell     | Found a gateway to the freezing wastes of Cocytus.
 82852 | Hell     | Found a gateway to the decaying netherworld of Tartarus.
 82933 | Hell     | Found a gateway to the ashen valley of Gehenna.
 83010 | Hell     | Found a gateway to the Iron City of Dis.
 83487 | Slime:1  | Entered Level 1 of the Pits of Slime
 83795 | Slime:5  | Entered Level 5 of the Pits of Slime
 84224 | Slime:5  | Noticed the Royal Jelly
 84553 | Slime:5  | Found a viscous altar of Jiyva.
 84555 | Slime:5  | Found the +8 trishula "Condemnation" {holy, anguish, *Noise
                  | Fly rN+}
 84555 | Slime:5  | Identified the +0 quarterstaff "Demonslayer" {antimagic,
                  | Fragile rElec rPois Dex-3}
 84558 | Slime:5  | Identified the +7 sling "Mues" {antimagic, Int+3}
 84560 | Slime:5  | Identified the +8 flail of the Warrior-Mage {vamp, rElec
                  | rPois Str-5}
 84565 | Slime:5  | Identified the +3 leather armour "Befritov" {+Blink Fly
                  | Dex+3 Stlth-}
 84740 | Slime:5  | Killed the Royal Jelly
 84969 | Slime:5  | Got a slimy rune of Zot
 85493 | Depths:1 | Voluntarily entered the Abyss.
 85515 | Abyss:2  | Found a corrupted altar of Lugonu.
 85720 | Abyss:3  | Found a corrupted altar of Lugonu.
 85752 | Abyss:3  | Noticed an ancient lich
 85771 | Abyss:3  | Found a corrupted altar of Lugonu.
 86127 | Depths:1 | Escaped the Abyss
 86177 | Depths:1 | Voluntarily entered the Abyss.
 86177 | Abyss:3  | Found a corrupted altar of Lugonu.
 86241 | Depths:1 | Escaped the Abyss
 86243 | Depths:1 | Voluntarily entered the Abyss.
 86488 | Abyss:3  | Identified the amulet "Larchakhia" {RegenMP rC+ MP+9}
 86494 | Abyss:3  | Identified Mnoleg's Quarto of Rallying
 86509 | Abyss:3  | Identified Sif Muna's Dissertation on the Gang
 86805 | Depths:1 | Escaped the Abyss
 86914 | Depths:1 | Voluntarily entered the Abyss.
 86968 | Abyss:3  | Noticed a dread lich
 86973 | Abyss:3  | Killed a dread lich
 87001 | Depths:1 | Escaped the Abyss
 87040 | Depths:1 | Voluntarily entered the Abyss.
 87123 | Depths:1 | Escaped the Abyss
 87135 | Depths:1 | Voluntarily entered the Abyss.
 87138 | Abyss:3  | Found a corrupted altar of Lugonu.
 87251 | Abyss:3  | Found a corrupted altar of Lugonu.
 87806 | Depths:1 | Escaped the Abyss
 87834 | Depths:1 | Voluntarily entered the Abyss.
 87868 | Abyss:4  | Noticed a dread lich
 87870 | Abyss:4  | Killed a dread lich
 87964 | Abyss:5  | Found a corrupted altar of Lugonu.
 87991 | Depths:1 | Escaped the Abyss
 88146 | Depths:1 | Voluntarily entered the Abyss.
 88271 | Abyss:6  | Found a corrupted altar of Lugonu.
 88337 | Abyss:6  | Found a corrupted altar of Lugonu.
 88342 | Abyss:6  | Found a corrupted altar of Lugonu.
 88343 | Abyss:6  | Got an abyssal rune of Zot
 88361 | Abyss:7  | Entered Level 7 of the Abyss
 88361 | Abyss:7  | Noticed an ancient lich
 88367 | Depths:1 | Escaped the Abyss
 88503 | Zig:1    | Entered Level 1 of a ziggurat
 88522 | Zig:2    | Entered Level 2 of a ziggurat
 88525 | Zig:2    | Identified the staff of cold "Impupirgh" {Fly rF++ rC+
                  | rCorr Int-5}
 88525 | Zig:2    | Identified the staff of fire "Zayqud Dywk" {rF+ Str+7}
 88552 | Zig:3    | Entered Level 3 of a ziggurat
 88621 | Zig:4    | Entered Level 4 of a ziggurat
 88684 | Zig:5    | Entered Level 5 of a ziggurat
 88688 | Zig:5    | Noticed a Killer Klown
 88689 | Zig:5    | Identified the +9 glaive of Ziram {flame, Drain +Blink rF+
                  | Dex+3}
 88692 | Zig:5    | Killed a Killer Klown
 88742 | Zig:6    | Entered Level 6 of a ziggurat
 88773 | Zig:6    | Found the +12 pair of quick blades "Gyre" and "Gimble"
                  | {protect}
 88824 | Zig:7    | Entered Level 7 of a ziggurat
 88829 | Zig:7    | Identified the +0 leather armour of Darkness {Harm}
 88829 | Zig:7    | Identified the staff of poison "Zusike" {rPois rF+ rCorr
                  | Stlth+}
 88831 | Zig:7    | Found the amulet of Vitality {RegenMP++ Regen++}
 88979 | Zig:8    | Entered Level 8 of a ziggurat
 88984 | Zig:8    | Found the amulet of the Four Winds {rN+ Will+++ Clar}
 88984 | Zig:8    | Identified the +10 plate armour "Diw Fyq" {rF+ Str+3}
 88985 | Zig:8    | Identified the +6 war axe "Muidgh" {flame, *Rage rElec
                  | rC+++ Str+2}
 89045 | Zig:9    | Entered Level 9 of a ziggurat
 89052 | Zig:9    | Identified the ring of Kidghat {+Blink Str+6}
 89053 | Zig:9    | Identified the staff of fire "Zeugoxuq" {Drain rF+ Str+3
                  | Int+6 Stlth+}
 89053 | Zig:9    | Identified the +3 dagger of Woyn {flame, Fly Will+ Stlth+}
 89054 | Zig:9    | Identified the +3 falchion "Luel" {drain, rPois Int+3}
 89113 | Zig:10   | Entered Level 10 of a ziggurat
 89120 | Zig:10   | Noticed a juggernaut
 89120 | Zig:10   | Noticed a juggernaut
 89123 | Zig:10   | Killed a juggernaut
 89124 | Zig:10   | Killed a juggernaut
 89126 | Zig:10   | Identified the +6 shadow dragon scales of Context {Str+3
                  | Dex+3 Stlth++++}
 89167 | Zig:11   | Entered Level 11 of a ziggurat
 89227 | Zig:12   | Entered Level 12 of a ziggurat
 89234 | Zig:12   | Noticed a shard shrike
 89237 | Zig:12   | Killed a shard shrike
 89238 | Zig:12   | Identified the +0 spear of Fate {freeze, rC- rN+ Int+3
                  | Dex+3}
 89301 | Zig:12   | Identified the +9 falchion of Blood {heavy, Int+5}
 89301 | Zig:12   | Identified Uxkeotyu's Meditations on Hail
 89302 | Zig:12   | Found the +8 orange crystal plate armour {Archmagi, Int+3
                  | Clar}
 89303 | Zig:12   | Found the +3 robe of Clouds {*Thunder rCloud rElec}
 89333 | Zig:13   | Entered Level 13 of a ziggurat
 89342 | Zig:13   | Identified Xeafinix's Vellum of the Inconstant Volcano
 89398 | Zig:14   | Entered Level 14 of a ziggurat
 89417 | Zig:14   | Identified the ring of Ixubyiso {rCorr AC+4 Slay+2}
 89417 | Zig:14   | Found the +10 dark maul {heavy}
 89418 | Zig:14   | Identified the Tome of Evil Acts
 89418 | Zig:14   | Identified the +2 rapier of Generosity {flame, Str+6 Int+3
                  | Stlth-}
 89420 | Zig:14   | Found the necklace of Bloodlust {Fury *Rage Will++ Int-3
                  | Slay+6}
 89422 | Zig:14   | Found the brooch of Shielding {Spirit SH+8}
 89776 | Pan      | Entered Pandemonium
 89874 | Pan      | Noticed Toepuemn the pandemonium lord
 89878 | Pan      | Killed Toepuemn the pandemonium lord
 89982 | Pan      | Got a demonic rune of Zot
 90781 | Pan      | Gained mutation: You are very vulnerable to cold. (rC--) [a
                  | cacodemon]
 90882 | Pan      | Noticed Buqeiffi the pandemonium lord
 90896 | Pan      | Killed Buqeiffi the pandemonium lord
 91004 | Depths:2 | Escaped Pandemonium
 91006 | Pan      | Entered Pandemonium
 91009 | Pan      | Lost mutation: You are robust. (+10% HP) [a cacodemon]
 91024 | Pan      | Noticed Woaw the pandemonium lord
 91032 | Pan      | Killed Woaw the pandemonium lord
 91225 | Pan      | Identified the amulet of Vualenn {Faith Fly Will+ Dex+2}
 91242 | Pan      | Noticed a dread lich
 91242 | Pan      | Found Wugur's Book Emporium.
 91242 | Pan      | Found an opulent altar of Gozag.
 91243 | Pan      | Noticed Wugur the pandemonium lord
 91243 | Pan      | Found Wugur's Rarities Outlet.
 91244 | Pan      | Killed a dread lich
 91251 | Pan      | Killed Wugur the pandemonium lord
 91256 | Pan      | Found Wugur's Fine Accessories.
 91270 | Pan      | Found an opulent altar of Gozag.
 91280 | Pan      | Found Wugur's Quality Elixirs.
 91291 | Pan      | Noticed a dread lich
 91296 | Pan      | Killed a dread lich
 91353 | Pan      | Found an opulent altar of Gozag.
 91359 | Pan      | Bought a potion of mutation for 96 gold pieces
 91359 | Pan      | Bought a potion of haste for 120 gold pieces
 91359 | Pan      | Bought a potion of haste for 120 gold pieces
 91359 | Pan      | Bought a potion of brilliance for 48 gold pieces
 91359 | Pan      | Bought a potion of heal wounds for 60 gold pieces
 91359 | Pan      | Bought a potion of haste for 120 gold pieces
 91411 | Pan      | Bought a wand of acid (5) for 294 gold pieces
 91411 | Pan      | Bought a wand of roots (2) for 67 gold pieces
 91411 | Pan      | Bought a wand of paralysis (5) for 168 gold pieces
 91411 | Pan      | Bought a wand of paralysis (5) for 168 gold pieces
 91411 | Pan      | Bought a wand of roots (3) for 100 gold pieces
 91411 | Pan      | Bought a wand of acid (4) for 235 gold pieces
 91411 | Pan      | Bought a wand of digging (6) for 352 gold pieces
 91418 | Pan      | Bought the ring "Zacig" {rElec rN+ Will+ rCorr Str+2} for
                  | 1104 gold pieces
 91418 | Pan      | Bought the ring "Zesinust" {rF+ rC+ Will+ EV+5} for 1439
                  | gold pieces
 91508 | Pan      | Noticed Hyecymef the pandemonium lord
 91509 | Pan      | Entered the realm of Gloorx Vloq.
 93553 | Pan      | Noticed Gloorx Vloq
 93617 | Pan      | Identified the cursed +2 helmet "Stoicism of Ashenzari"
                  | {Int+3, Self, Cun} (You found it on level 3 of the Elven
                  | Halls)
 94041 | Pan      | Got a dark rune of Zot
 94069 | Pan      | Entered the realm of Lom Lobon.
 94073 | Pan      | Found an exit through the horrors of the Abyss.
 94602 | Pan      | Noticed Lom Lobon
 94617 | Pan      | Got a magical rune of Zot
 94697 | Pan      | Noticed Gloorx Vloq
 94725 | Pan      | Entered the realm of Cerebov.
 95335 | Pan      | Identified the +6 dagger "Tanil" {freeze, rN++}
 95337 | Pan      | Identified Byuxt's Codex of the Fifth Circle
 95384 | Pan      | Identified the +2 battleaxe of the Old World {spect,
                  | *Corrode rC+++ Int+2 SInv}
 95438 | Pan      | Identified the Enchiridion on Transmuted Soot
 95438 | Pan      | Identified the +4 ring mail of the Farrier {SInv Stlth+}
 95525 | Pan      | Found the +6 sword of Cerebov {flame}
 95525 | Pan      | Noticed Cerebov
 95831 | Pan      | Identified the +5 pair of gloves of Impatience {rC+ rCorr}
 95851 | Pan      | Got a fiery rune of Zot
 95891 | Pan      | Entered the realm of Mnoleg.
 96382 | Pan      | Noticed Mnoleg
 96385 | Pan      | Gained mutation: Armour fits poorly on your strangely
                  | shaped body. [a neqoxec]
 96388 | Pan      | Killed Mnoleg
 96393 | Pan      | Got a glowing rune of Zot
 96405 | Pan      | Gained mutation: You occasionally lose the ability to read
                  | scrolls when taking damage. [a cacodemon]
 96467 | Pan      | Lost mutation: You occasionally lose the ability to read
                  | scrolls when taking damage. [potion of mutation]
 96467 | Pan      | Lost mutation: You are very vulnerable to cold. (rC--)
                  | [potion of mutation]
 96467 | Pan      | Gained mutation: You occasionally shout uncontrollably at
                  | your foes. [potion of mutation]
 96467 | Pan      | Gained mutation: You are resistant to electric shocks.
                  | (rElec) [potion of mutation]
 96467 | Pan      | Gained mutation: You are robust. (+10% HP) [potion of
                  | mutation]
 96468 | Pan      | Lost mutation: Armour fits poorly on your strangely shaped
                  | body. [potion of mutation]
 96468 | Pan      | Lost mutation: You are resistant to electric shocks.
                  | (rElec) [potion of mutation]
 96468 | Pan      | Lost mutation: Your body sometimes deteriorates upon taking
                  | damage. [potion of mutation]
 96469 | Pan      | Lost mutation: You are robust. (+10% HP) [potion of
                  | mutation]
 96469 | Pan      | Lost mutation: Your mind is acute. (Int +4, Str/Dex -1)
                  | [potion of mutation]
 96469 | Pan      | Gained mutation: You are partially covered in iridescent
                  | scales. (AC +2) [potion of mutation]
 96469 | Pan      | Gained mutation: You are agile. (Dex +4, Str/Int -1)
                  | [potion of mutation]
 96470 | Pan      | Lost mutation: You occasionally shout uncontrollably at
                  | your foes. [potion of mutation]
 96470 | Pan      | Lost mutation: You are partially covered in iridescent
                  | scales. (AC +2) [potion of mutation]
 96470 | Pan      | Lost mutation: You are agile. (Dex +4, Str/Int -1) [potion
                  | of mutation]
 96470 | Pan      | Gained mutation: You are partially covered in iridescent
                  | scales. (AC +2) [potion of mutation]
 96470 | Pan      | Gained mutation: Your mind is acute. (Int +4, Str/Dex -1)
                  | [potion of mutation]
 96470 | Pan      | Gained mutation: You expend health (3 HP) to strengthen
                  | your wands. [potion of mutation]
 96514 | Pan      | Found an exit through the horrors of the Abyss.
 96574 | Pan      | Took an exit into the Abyss.
 96574 | Abyss:7  | Escaped into the Abyss
 96574 | Abyss:7  | Entered Level 7 of the Abyss
 96594 | Abyss:7  | Paralysed by accursed screaming for 2 turns
 96608 | Abyss:7  | Killed an ancient lich
 96608 | Abyss:7  | Gained mutation: Potions are less effective at restoring
                  | your health. [a neqoxec]
 96622 | Depths:2 | Escaped the Abyss
 96853 | Geh:1    | Entered Level 1 of Gehenna
 97394 | Geh:4    | Noticed a dread lich
 97394 | Geh:4    | Noticed an ancient lich
 97394 | Geh:4    | Noticed a dread lich
 97394 | Geh:4    | Noticed an ancient lich
 97394 | Geh:4    | Noticed an ancient lich
 97397 | Geh:4    | Killed an ancient lich
 97398 | Geh:4    | Killed a dread lich
 97398 | Geh:4    | Killed a dread lich
 97398 | Geh:4    | Killed an ancient lich
 97398 | Geh:4    | Killed an ancient lich
 97493 | Geh:4    | Noticed an ancient lich
 97509 | Geh:4    | Killed an ancient lich
 98167 | Geh:7    | Entered Level 7 of Gehenna
 99850 | Geh:7    | Identified the +3 leather armour of the Carved Locust
                  | {Rampage rF- rN+ Str+2}
 99853 | Geh:7    | Identified the staff of earth "Irekk" {rElec rF+ Str+3
                  | Int+3}
100010 | Geh:7    | Found the +13 sceptre of Asmodeus
100010 | Geh:7    | Noticed Asmodeus
100062 | Geh:7    | Got an obsidian rune of Zot
100241 | Coc:1    | Entered Level 1 of Cocytus
100329 | Coc:2    | Paralysed by a wendigo for 1 turns
100547 | Coc:3    | Noticed a shard shrike
100549 | Coc:3    | Noticed a shard shrike
100551 | Coc:3    | Noticed a shard shrike
100552 | Coc:3    | Killed a shard shrike
100552 | Coc:3    | Killed a shard shrike
100555 | Coc:3    | Noticed a shard shrike
100556 | Coc:3    | Killed a shard shrike
100556 | Coc:3    | Noticed a shard shrike
100556 | Coc:3    | Noticed a shard shrike
100557 | Coc:3    | Killed a shard shrike
100560 | Coc:3    | Killed a shard shrike
100562 | Coc:3    | Killed a shard shrike
100662 | Coc:4    | Noticed a shard shrike
100665 | Coc:4    | Noticed a shard shrike
100666 | Coc:4    | Killed a shard shrike
100667 | Coc:4    | Reached skill level 5 in Shields
100674 | Coc:4    | Killed a shard shrike
100683 | Coc:4    | Reached skill level 1 in Short Blades
100787 | Coc:5    | Noticed a shard shrike
100788 | Coc:5    | Noticed a shard shrike
100789 | Coc:5    | Killed a shard shrike
100790 | Coc:5    | Reached skill level 5 in Short Blades
100790 | Coc:5    | Killed a shard shrike
100791 | Coc:5    | Noticed a shard shrike
100794 | Coc:5    | Killed a shard shrike
100835 | Coc:5    | Noticed a shard shrike
100842 | Coc:5    | Killed a shard shrike
100961 | Coc:7    | Entered Level 7 of Cocytus
100966 | Coc:7    | Reached skill level 10 in Short Blades
100973 | Coc:7    | Noticed a shard shrike
100975 | Coc:7    | Killed a shard shrike
100987 | Coc:7    | Noticed a shard shrike
101018 | Coc:7    | Killed a shard shrike
101086 | Coc:7    | Reached skill level 10 in Shields
101135 | Coc:7    | Noticed a shard shrike
101156 | Coc:7    | Killed a shard shrike
101358 | Coc:7    | Noticed a shard shrike
101363 | Coc:7    | Killed a shard shrike
101389 | Coc:7    | Noticed a shard shrike
101401 | Coc:7    | Killed a shard shrike
101457 | Coc:7    | Noticed a shard shrike
101467 | Coc:7    | Killed a shard shrike
101582 | Coc:7    | Noticed a shard shrike
101585 | Coc:7    | Killed a shard shrike
101586 | Coc:7    | Reached skill level 15 in Shields
101586 | Coc:7    | Noticed a shard shrike
101591 | Coc:7    | Killed a shard shrike
101674 | Coc:7    | Noticed a shard shrike
101678 | Coc:7    | Killed a shard shrike
101750 | Coc:7    | Noticed a shard shrike
101755 | Coc:7    | Killed a shard shrike
101785 | Coc:7    | Paralysed by a wendigo for 1 turns
102134 | Coc:7    | Identified the staff of death "Furun" {rElec rN+ Dex+4}
102134 | Coc:7    | Noticed Antaeus
102197 | Coc:7    | Killed Antaeus
102270 | Coc:7    | Identified the Omnibus of Glamour
102391 | Coc:7    | Identified the +4 arbalest of the Desolation of Salt
                  | {speed, Contam Will++ Str+4}
102408 | Coc:7    | Got an icy rune of Zot
102586 | Dis:1    | Entered Level 1 of the Iron City of Dis
102730 | Dis:2    | Reached skill level 5 in Polearms
103079 | Dis:6    | Reached skill level 10 in Polearms
103481 | Dis:7    | Entered Level 7 of the Iron City of Dis
103567 | Dis:7    | Noticed a juggernaut
103569 | Dis:7    | Killed a juggernaut
103744 | Dis:7    | Identified the ring "Ojuege" {rC+ Dex+2}
103744 | Dis:7    | Identified the Cyclopedia of Transformation and the
                  | Gathering
103746 | Dis:7    | Identified the ring of Fukeg {rPois rF+ Int+2 SInv}
105948 | Dis:7    | Noticed a juggernaut
105955 | Dis:7    | Killed a juggernaut
106193 | Dis:7    | Noticed Dispater
106474 | Dis:7    | Found the orb of Dispater {+Damnation *Corrode AC+5}
106474 | Dis:7    | Identified the staff of earth "Puaf" {rC++ Str+5 Stlth-}
106474 | Dis:7    | Identified the +1 glaive "Celeguusar" {vamp, rF+ rC+ Will+
                  | SInv}
106480 | Dis:7    | Killed Dispater
106518 | Dis:7    | Got an iron rune of Zot
107578 | Tomb:1   | Noticed a royal mummy
107581 | Tomb:1   | Noticed a royal mummy
107652 | Tomb:1   | Noticed a royal mummy
107653 | Tomb:1   | Killed a royal mummy
107738 | Tomb:1   | Killed a royal mummy
107739 | Tomb:1   | Killed a royal mummy
107742 | Tomb:1   | Noticed a royal mummy
107745 | Tomb:1   | Noticed a royal mummy
107746 | Tomb:1   | Noticed a royal mummy
107750 | Crypt:3  | Killed a royal mummy
107778 | Tomb:1   | Killed a royal mummy
107780 | Tomb:1   | Killed a royal mummy
107820 | Tomb:1   | Noticed a royal mummy
107822 | Tomb:1   | Noticed a royal mummy
107827 | Tomb:1   | Killed a royal mummy
107828 | Tomb:1   | Reached skill level 15 in Polearms
107828 | Tomb:1   | Killed a royal mummy
107840 | Tomb:1   | Noticed a royal mummy
107847 | Tomb:1   | Noticed a royal mummy
107848 | Tomb:1   | Killed a royal mummy
107852 | Tomb:1   | Killed a royal mummy
107930 | Tomb:1   | Noticed a royal mummy
107938 | Tomb:1   | Killed a royal mummy
107939 | Tomb:1   | Noticed a royal mummy
107950 | Tomb:1   | Noticed a royal mummy
107951 | Tomb:1   | Killed a royal mummy
107955 | Tomb:1   | Killed a royal mummy
108153 | Tomb:1   | Noticed a royal mummy
108158 | Tomb:1   | Killed a royal mummy
108159 | Tomb:1   | Noticed a royal mummy
108175 | Tomb:1   | Killed a royal mummy
108186 | Tomb:1   | Noticed a royal mummy
108267 | Tomb:1   | Killed a royal mummy
108461 | Tomb:2   | Noticed a royal mummy
108462 | Tomb:2   | Noticed a royal mummy
108462 | Tomb:2   | Noticed a royal mummy
108469 | Tomb:2   | Killed a royal mummy
108469 | Tomb:2   | Killed a royal mummy
109052 | Tomb:3   | Entered Level 3 of the Tomb of the Ancients
109059 | Tomb:3   | Noticed a royal mummy
109062 | Tomb:3   | Identified the ring "Buduvi" {Fire *Slow Str+4}
109063 | Tomb:3   | Noticed Boris
109823 | Tar:1    | Entered Level 1 of Tartarus
111692 | Tomb:3   | Killed Boris
111700 | Tomb:3   | Noticed a royal mummy
111702 | Tomb:3   | Killed a royal mummy
113935 | Tar:7    | Entered Level 7 of Tartarus
115285 | Tar:7    | Noticed an ancient lich
115304 | Tar:7    | Noticed an ancient lich
115314 | Tar:7    | Identified the ring of Henymp {Fire Will+ Str+3 Dex+2
                  | Slay+2}
115315 | Tar:7    | Identified the Handbook of the Charnel Deep Freeze
115316 | Tar:7    | Identified the +4 long sword "Beast's Doom" {pain, rElec
                  | Will+}
115342 | Tar:7    | Identified the +0 robe of Gozag's Inspiration {Fly rElec
                  | rF- rN++}
115639 | Tar:7    | Noticed a dread lich
115652 | Tar:7    | Killed a dread lich
115652 | Tar:7    | Killed an ancient lich
116160 | Tar:7    | Noticed Ereshkigal
116162 | Tar:7    | Got a bone rune of Zot
116642 | Tomb:3   | Noticed a royal mummy
116645 | Tomb:3   | Noticed Mennas
116646 | Tomb:3   | Killed a royal mummy
116648 | Tomb:3   | Killed Mennas
116653 | Tomb:2   | Killed a royal mummy
116988 | Tomb:3   | Noticed a royal mummy
116988 | Tomb:3   | Noticed a royal mummy
116990 | Tomb:3   | Killed a royal mummy
116991 | Tomb:3   | Killed a royal mummy
117159 | Tomb:3   | Noticed a royal mummy
117166 | Tomb:3   | Killed a royal mummy
117351 | Tomb:3   | Noticed a royal mummy
117359 | Tomb:3   | Killed a royal mummy
117390 | Tomb:3   | Gained mutation: You are clumsy. (Dex -2) [mutagenic glow]
117427 | Tomb:3   | Identified the Catalogue of Polluted Inhalation
117427 | Tomb:3   | Identified the ring "Forget-Me-Not" {Str+5 SInv}
117435 | Tomb:3   | Identified the Tome of Atmospheric Therianthropy
117435 | Tomb:3   | Identified the +9 quarterstaff "Titwetux" {flame, rElec
                  | rC+++ Str+5}
117436 | Tomb:3   | Identified the +0 scale mail of the Wilderness {*Slow rC++
                  | Regen+ SInv}
117436 | Tomb:3   | Identified the ring of Weibam {rN+ Str+7 Dex+4}
117447 | Tomb:3   | Found the ring of Shadows {Umbra +Inv Stlth+}
118533 | Tomb:3   | Noticed a royal mummy
118541 | Tomb:3   | Killed a royal mummy
118612 | Zig:1    | Entered Level 1 of a ziggurat
118637 | Zig:2    | Entered Level 2 of a ziggurat
118663 | Zig:3    | Entered Level 3 of a ziggurat
118726 | Zig:4    | Entered Level 4 of a ziggurat
118729 | Zig:4    | Identified the +1 lajatang "Oto Awudwu" {pain, Str+2 Int-4
                  | Dex+6 SInv}
118729 | Zig:4    | Identified the +1 ring mail of Nopemiq {Str+5}
118762 | Zig:5    | Entered Level 5 of a ziggurat
118812 | Zig:6    | Entered Level 6 of a ziggurat
118818 | Zig:6    | Identified Sif Muna's Verses on Pyromancy and Bad Luck
118818 | Zig:6    | Identified the +0 plate armour of the Blizzard {-Cast
                  | Regen+ rCorr Stlth+}
118878 | Zig:7    | Entered Level 7 of a ziggurat
118958 | Zig:8    | Entered Level 8 of a ziggurat
118967 | Zig:8    | Paralysed by an air elemental for 1 turns
119020 | Zig:9    | Entered Level 9 of a ziggurat
119024 | Zig:9    | Noticed Xashyat the pandemonium lord
119024 | Zig:9    | Noticed a Killer Klown
119025 | Zig:9    | Noticed a Killer Klown
119026 | Zig:9    | Noticed a Killer Klown
119028 | Zig:9    | Identified the +0 plate armour "Link" {rPois}
119029 | Zig:9    | Killed a Killer Klown
119029 | Zig:9    | Killed Xashyat the pandemonium lord
119030 | Zig:9    | Killed a Killer Klown
119030 | Zig:9    | Killed a Killer Klown
119032 | Zig:9    | Identified the ring "Toyllyi" {Fly rN+}
119107 | Zig:10   | Entered Level 10 of a ziggurat
119113 | Zig:10   | Identified the staff of earth "Xovi" {Contam rPois Str+6}
119114 | Zig:10   | Identified the Collected Works on the Discharge
119176 | Zig:11   | Entered Level 11 of a ziggurat
119185 | Zig:11   | Noticed middlethird's ghost (legendary VSAE)
119186 | Zig:11   | Noticed sigtrap's ghost (legendary SpHu)
119186 | Zig:11   | Noticed CInkIbrahim's ghost (legendary GrFi)
119186 | Zig:11   | Identified the +6 mace "Ejihovviav" {heavy, rN+ rCorr Str+3
                  | Stlth+}
119186 | Zig:11   | Identified the +4 plate armour of Foadiom {rCorr Int+2
                  | Dex+4}
119192 | Zig:11   | Killed sigtrap's ghost
119217 | Zig:11   | Killed middlethird's ghost
119387 | Tomb:3   | Got a golden rune of Zot
119428 | Tomb:3   | Noticed a royal mummy
119439 | Tomb:3   | Killed a royal mummy
119696 | Crypt:3  | Lost mutation: You expend health (3 HP) to strengthen your
                  | wands. [potion of mutation]
119696 | Crypt:3  | Lost mutation: You are partially covered in iridescent
                  | scales. (AC +2) [potion of mutation]
119696 | Crypt:3  | Lost mutation: Potions are less effective at restoring your
                  | health. [potion of mutation]
119696 | Crypt:3  | Gained mutation: Your muscles are strong. (Str +4, Int/Dex
                  | -1) [potion of mutation]
119696 | Crypt:3  | Lost mutation: You are clumsy. (Dex -2) [potion of
                  | mutation]
119696 | Crypt:3  | Gained mutation: You are agile. (Dex +4, Str/Int -1)
                  | [potion of mutation]
119696 | Crypt:3  | Gained mutation: You are strong-willed. (Will+) [potion of
                  | mutation]
122509 | Zot:5    | Got the Orb of Zot
122945 | D:$      | Escaped with the Orb!

Illustrated notes

Levels and vault maps discovered:
D:1:      dpeg_arrival_lava_temple_mockup, layout_basic,
          dreamdust_mushroom_princess, grunt_decor_arrowhead, minivault_14
D:2:      layout_rooms
D:3:      layout_loops_cross, lightli_temple_of_fire
D:4:      layout_basic, mainiacjoe_overflow_concentric_impassable,
          elyvilon_altar_1, minmay_temple_entry_statues_fountains, serial_shops,
          kennysheep_mini_moat, minmay_shop_grid_forest
D:5:      layout_gridville, nemelex_diamond_rough_becter, lemuel_doored_altar,
          mainiacjoe_overflow_tiny_flanked, uniq_eustachio
D:6:      layout_layer_cave, lemuel_coloured_pillars_altar,
          mainiacjoe_overflow_alcove_1
D:7:      layout_rooms, lemuel_tele_altar, serial_corexii_hall,
          chequers_hall_statues_corner_a, corexii_hall_statues_s
D:8:      layout_basic, pf_just_have_faith, dpeg_oklobed_lair,
          minmay_tree_intersection
D:9:      layout_cave_pods, erik_orc_2, enter_bailey_2, serial_shops, shop,
          nzn_random_ring, uniq_psyche, uniq_grum, uniq_maggie
D:10:     layout_long_grid, old_standard_altar, nicolae_wu_jian_glorious_leap,
          nicolae_trove_entry_crystal
D:11:     layout_rooms
D:12:     layout_big_octagon, kennysheep_generic_room_7
D:13:     layout_loops_ring, grunt_vaults_entry_tiered, hangedman_fish_farm
D:14:     layout_loops_ring, minmay_hedge_maze,
          nicolae_shop_sticking_my_neck_out
D:15:     gammafunk_enter_depths_forms, layout_basic,
          chequers_serial_rivers_small_b
Temple:   nicolae_temple_bog_church
Lair:1:   layout_cave_pods, chequers_serial_rivers_micro_c,
          nicolae_lair_lil_pond, lemuel_fruit_tree, infiniplex_staircase_pool
Lair:2:   layout_gridlike, minmay_shoals_entry_lonely_mermaid,
          serial_bayou_lake_a, lemuel_fruit_fields
Lair:3:   layout_cave_pods, nicolae_spider_entry_non_spiders, basic_altar,
          minivault_26, grunt_megastairs_3, uniq_nessos
Lair:4:   layout_gridlike
Lair:5:   grunt_lair_end_beastmaster, layout_gridlike,
          minmay_slime_entry_oklob_enclosed, nicolae_lair_run_with_the_wolves,
          uniq_urug
Shoals:1: layout_shoals, nzn_prometheus_bound
Shoals:2: layout_shoals, nicolae_shoals_lost_giant_pillars,
          nicolae_shoals_enchanted_isle
Shoals:3: nicolae_shoals_lighthouse, layout_shoals, nicolae_shoals_c_island
Shoals:4: shoals_end_grunt_ice, layout_shoals, serial_shops, freezing_bzr
Spider:1: layout_chambers, nicolae_looking_at_the_future, uniq_frances,
          uniq_jorgrun, uniq_roxanne, uniq_nikola
Spider:2: layout_spider_delve, uniq_arachne
Spider:3: layout_spider_delve, uniq_aizul
Spider:4: grunt_spider_rune_parallel, nicolae_spider_nook
Slime:1:  layout_caves, cheibrodos_slime_lost_civilization_4
Slime:2:  layout_caves, cheibrodos_slime_lost_civilization_5
Slime:3:  layout_caves, special_room [special_room_jelly]
Slime:4:  layout_caves
Slime:5
Orc:1:    layout_diamond_mine
Orc:2:    grunt_orc_tribal_feast, layout_caves, nicolae_volcano_entry_s_turn
Elf:1:    nicolae_elf_arrival_no_cutting_in_line, layout_geoelf_diagonals,
          serial_shops, shop, minmay_elf_sorcery, uniq_kirke
Elf:2:    nicolae_elf_blades_crystal_corner, layout_gridlike,
          bh_hangedman_babel_library
Elf:3:    minmay_elf_hall_furrowed, layout_onion_city, ebering_ghost_xom,
          nicolae_concentric_dashed_squares_wild, small_chamber_with_monster,
          nicolae_elf_elemental_lessons, uniq_saint_roka
Vaults:1: hangedman_vaults_restitches, nicolae_vaults_trapezoid_lopsided_1,
          vaults_room_door_ring, v_misc_5, nicolae_vaults_crenellated_ambush,
          vaults_room_corners, nicolae_vaults_closet_pinwheel_1,
          vaults_room_door_ring, ontoclasm_vaults_ring_small,
          hangedman_vaults_river_flow, ontoclasm_vaults_decontamination,
          nicolae_vaults_network_barrier, layout_vaults_maze_bifur
Vaults:2: nicolae_vaults_sightless_eye, vaults_standard_mumra_enter_the_diamond,
          v_misc_25, hangedman_vaults_nails, minmay_crypt_entry_simple_box,
          nicolae_vaults_meeting, vaults_dpeg_spiral, v_rooms_2,
          nicolae_vaults_border_crossing, nicolae_vaults_little_squares_3,
          ontoclasm_vaults_gateway, layout_vaults_omnigrid, serial_shops,
          nicolae_shop_bloodbath_and_beyond
Vaults:3: st_greater_box_3, v_pattern_2, nicolae_vaults_specimen_jars,
          grunt_vaults_hallway_short, nicolae_vaults_more_shelving_1,
          grunt_vaults_hallway_long, nicolae_vaults_apartment_1,
          nicolae_vaults_closet_pinwheel_6, ontoclasm_vaults_fault,
          nicolae_vaults_double_plus_2, layout_vaults_chaotic_city, uniq_jory
Vaults:4: nicolae_vaults_frosty_reception, nicolae_vaults_closet_pinwheel_3,
          nicolae_vaults_tetromino_T_2, vaults_standard_mumra_lines,
          nicolae_vaults_ellipses_ellipsis, v_pattern_4,
          vaults_standard_mumra_enter_the_diamond, ontoclasm_vaults_ligature,
          vaults_room_hangedman_quadrants, nicolae_vaults_layer_cake_slice,
          v_misc_14, nicolae_vaults_trapezoid_lopsided_3, vaults_mumra_lcd,
          vaults_dpeg_ring, nicolae_vaults_gold_heap, layout_vaults_big_cross
Vaults:5
Crypt:1:  layout_gridlike, roderic_lattice_octagonal_star
Crypt:2:  layout_misc_corridors
Crypt:3:  lightli_unholy_cathedral, layout_chaotic_city,
          nicolae_tomb_entry_grand_gallery, uniq_margery
Tomb:1
Tomb:2
Tomb:3:   uniq_mennas
Depths:1: minmay_the_grid_triangle_9x9_rhombus_full
          [minmay_the_grid_triangle_9x9_odd_lines,
          minmay_the_grid_triangle_9x9_sprig,
          minmay_the_grid_triangle_9x9_steps,
          minmay_the_grid_triangle_9x9_from_above,
          minmay_the_grid_triangle_9x9_empty,
          minmay_the_grid_triangle_9x9_intruding_spiral,
          minmay_the_grid_triangle_9x9_empty,
          minmay_the_grid_triangle_9x9_prize_insulated], layout_cave_pools,
          hellmouth_1, abyss_entry, tgw_xom, uniq_bai_suzhen
Depths:2: evilmike_halls_of_destruction, layout_long_grid, gammafunk_ghost_icy,
          grunt_hell_horde, chequers_serial_rivers_large_b, pan_entry,
          serial_shops, bzr_entry_water, serial_bayou_shore_b
Depths:3: kennysheep_oblong_rooms, layout_basic, hell_entry, abyss_entry,
          minmay_shoptagon
Depths:4: evilmike_zot_entry_gauntlet, layout_cave_shapes, enter_ziggurat_e,
          minmay_room_of_horrors, hell_entry, hangedman_decor_clover_reticule,
          patterned_corridor, minmay_shop_grove
Hell
Dis:1:    layout_jigsaw, nicolae_dis_distal_crystal
Dis:2:    layout_subdivisions
Dis:3:    layout_overlapping_boxes
Dis:4:    layout_gridville
Dis:5:    layout_gridville
Dis:6:    layout_jigsaw, glass_columns_a, nicolae_dis_spooky_hallway
Dis:7:    dis_st
Geh:1:    layout_gehenna_pools_triple
Geh:2:    layout_gehenna_lava_caves
Geh:3:    layout_gehenna_lava_caves
Geh:4:    layout_gehenna_pools_box, nicolae_geh_liches_on_tour
Geh:5:    layout_gehenna_lava_caves
Geh:6:    layout_gehenna_pools_basic
Geh:7:    geh_old
Coc:1:    layout_cocytus_water_paths
Coc:2:    layout_cocytus_water_paths
Coc:3:    layout_cocytus_delve
Coc:4:    nicolae_coc_icebeans_plural [nicolae_sub_coc_subbean,
          nicolae_sub_coc_subbean, nicolae_sub_coc_subbean,
          nicolae_sub_coc_subbean], layout_cocytus_delve
Coc:5:    layout_ice_bergs
Coc:6:    layout_cocytus_water_paths
Coc:7:    coc_grunt_cove [coc_grunt_cove_antaeus, coc_grunt_cove_fiend,
          coc_grunt_cove_fiend, coc_grunt_cove_fiend, coc_grunt_cove_fiend]
Tar:1:    layout_grid_maze, nicolae_tar_cuneiform_to_be,
          nicolae_tar_cuneiform_not
Tar:2:    layout_cathedral_of_symmetry
Tar:3:    layout_cathedral_of_symmetry
Tar:4:    layout_grid_maze
Tar:5:    layout_grid_maze
Tar:6:    layout_catacombs
Tar:7:    tar_old
Zot:1:    minmay_elemental_castle, layout_cathedral_of_symmetry
Zot:2:    layout_gridlike, st_grand_hoard_of_tiamat, uniq_vv
Zot:3:    dreamdust_black_sun_cult, layout_onion_interference,
          grunt_megastairs_1, uniq_tiamat
Zot:4:    layout_onion_interference, grunt_megastairs_5
Zot:5:    layout_gridlike

Skill      XL: |  1  2  3  4  5  6  7  8  9 10 11 12 13 14 15 16 17 18 19 20 21 22 23 24 25 26 27 |
---------------+----------------------------------------------------------------------------------+-----
Fighting       | 1 2 3 4 5 7 9 10 11 13 14 15 16 17 18 19 20 21 22 23 | 23.8
Spellcasting   | 4 5 6 7 8 10 11 12 13 15 16 17 19 20 21 23 | 23.8
Dodging        | 8 11 12 15 18 25 | 25.8
Armour         | 3 8 12 15 17 24 | 24.7
Stealth        | 3 8 11 13 16 25 | 25.5
Shields        | 2 19 | 19.8
Evocations     | 6 23 | 23.9
Short Blades   | 14 | 14.2
Polearms       | 24 | 24.0

Action                     |  1- 3 |  4- 6 |  7- 9 | 10-12 | 13-15 | 16-18 | 19-21 | 22-24 | 25-27 || total
---------------------------+-------+-------+-------+-------+-------+-------+-------+-------+-------++-------
  Melee: Dagger            |     8 |       |       |       |       |       |       |       |       ||     8
         Short sword       |       |     3 |    48 |   103 |       |       |       |       |       ||   154
         Punch             |       |       |     1 |     1 |       |       |       |       |       ||     2
         Lance             |       |       |       |     5 |       |       |       |       |       ||     5
         Staff             |       |       |       |       |     2 |     1 |     2 |       |    95 ||   100
         Lance             |       |       |       |       |       |       |       |       |    45 ||    45
   Cast: Freeze            |    51 |    50 |     4 |     4 |       |       |       |       |     1 ||   110
         Sting             |       |    42 |    21 |    49 |    22 |       |       |       |       ||   134
         Blink             |       |     4 |       |       |       |       |       |       |       ||     4
         Frozen Ramparts   |       |     1 |    29 |    59 |    12 |     4 |       |       |       ||   105
         Ozocubu's Armour  |       |       |    11 |    18 |     1 |       |       |       |       ||    30
         Mephitic Cloud    |       |       |     4 |    33 |     1 |     1 |       |     1 |       ||    40
         Summon Ice Beast  |       |       |     7 |    51 |     1 |       |       |       |       ||    59
         Iskenderun's Myst |       |       |       |    56 |    95 |    60 |     3 |     4 |     1 ||   219
         Animate Dead      |       |       |       |     2 |       |     2 |     1 |     1 |     1 ||     7
         Fireball          |       |       |       |       |   249 |   205 |    84 |    86 |   515 ||  1139
         Statue Form       |       |       |       |       |     1 |    13 |     4 |       |    37 ||    55
         Ozocubu's Refrige |       |       |       |       |       |   306 |   446 |   411 |  1101 ||  2264
         Summon Hydra      |       |       |       |       |       |       |    14 |    49 |   531 ||   594
         Malign Gateway    |       |       |       |       |       |       |     8 |    23 |   101 ||   132
         Spellforged Servi |       |       |       |       |       |       |       |    23 |    98 ||   121
         Ignition          |       |       |       |       |       |       |       |       |   611 ||   611
         Shatter           |       |       |       |       |       |       |       |       |   756 ||   756
 Invoke: Curse Item        |       |     1 |     1 |     3 |     2 |       |       |     5 |     5 ||    17
         Shatter the Chain |       |       |       |       |     1 |       |       |     4 |     6 ||    11
  Evoke: Wand              |       |       |       |       |     5 |       |       |       |    15 ||    20
         Figurine of a zig |       |       |       |       |       |       |       |       |     1 ||     1
         Phantom mirror    |       |       |       |       |       |       |       |       |     1 ||     1
    Use: Scroll            |       |       |       |       |     2 |     3 |     2 |       |    48 ||    55
         Potion            |       |       |       |       |       |     1 |       |       |    53 ||    54
   Stab: Confused          |       |       |       |     2 |       |       |       |       |       ||     2
         Sleeping          |       |       |       |     1 |       |       |       |       |       ||     1
         Distracted        |       |       |       |     1 |       |       |       |       |     4 ||     5
 Armour: Robe              |    14 |    12 |    21 |    26 |     3 |    15 |    10 |     5 |       ||   106
         Skin              |       |       |       |       |       |    51 |    21 |       |   140 ||   212
         Quicksilver drago |       |       |       |       |       |       |       |    20 |   602 ||   622
  Dodge: Dodged            |    31 |    31 |    51 |   158 |    21 |   209 |   118 |   121 |  1697 ||  2437
         Repelled          |       |       |       |       |       |       |       |     4 |    30 ||    34
  Block: Buckler           |       |       |       |       |     8 |    45 |    38 |    35 |   523 ||   649
